Workbook
Name _2__xlchart.v1.1: #REF!
Name _2__xlchart.v1.1: #REF!
Name _3__xlchart.v1.2: #REF!
Name _5__xlchart.v1.4: #REF!
Name _6__xlchart.v1.5: #REF!
Name _7__xlchart.v1.6: #REF!
Name BD_CH_110902: [1]BD_CH_110902!$A$2:$W$680

Sheet INFORME CONTRATISTA
A2: INFORME DE CONTRATO NO. 143 DEL CONTRATISTA IPSE. -MENSUAL
A4: NUMERAL | B4: CONTENIDO | C4: OBSERVACION | D4: ANEXOS
A5: 1 | B5: INFORMACION GENERAL
A6: 1.1 | B6: INFORMACION GENERAL DEL CONTRATO
B7: DATOS CONTRACTUALES (NUMERO- FONDO, OBJETO, VALOR CONTRATO ,RELACION DE PROYECTOS,VALOR DE PROYECTOS, FECHA DE TERMINACION INICIAL, ACTUAL), DURACION (INICIAL), ALCANCE EJECUCION OBRA, POLIZAS (VIGENCIA , APROBACION), ENCARGO FIDUCIARIO, VIGENCIAS PRESUPUESTALES, PRORROGA,SUSPENSIONES,CDP, RP,SUPERVISOR, FECHA LIQUIDACION | C7: Diligenciar la hoja de excel denominada 1,- INFOR-CONTRATO actualizando los datos que correspondan | D7: ANEXAR LOS DOCUMENTOS QUE APLIQUEN O CORRESPONDAN
A8: 1.2 | B8: INFORMACION GENERAL DEL PROYECTO
B9: Datos correspondientes al proyecto que componen el contrato de instalacion | C9: Diligenciar la hoja de excel denominada FASP-01A-PROYEC-actualizando los datos que correspondan | D9: ANEXAR LOS DOCUMENTOS QUE APLIQUEN O CORRESPONDAN
A10: 1.3 | B10: INFORMACION USUARIOS BENEFICIADOS
B11: Datos correspondientes a cada uno de los usuarios beneficiados que corresponden a este contrato | C11: Diligenciar la hoja de excel denominada 7,- USUARIOS BENEFICIADOS actualizando los datos que correspondan | D11: ANEXAR LOS DOCUMENTOS QUE APLIQUEN O CORRESPONDAN
A12: 2 | B12: INFORMACION FINANCIERA DEL CONTRATO
A14: 2.1 | B14: BALANCE DEL CONTRATO
B15: Se informara de todos los pagos realizados por el Ministerio al encargo fiduciario/cuenta bancaria y se anexaran las actas y documentos soportes de los pagos autorizados por la interventoria | C15: Diligenciar la hoja de excel denominada 2,- BALANCES FINANCIEROS actualizando los datos que correspondan | D15: ANEXAR LOS DOCUMENTOS QUE APLIQUEN O CORRESPONDAN
A16: 2.2 | B16: BALANCE DEL ENCARGO FIDUCIARIO/CUENTA BANCARIA
B17: Se enformara de los movimientos realizados en el Encargo fiducario o cuenta bancari hasta el uso total del pago anticipado | C17: Diligenciar la hoja de excel denominada 2,- BALANCES FINANCIEROS actualizando los datos que correspondan | D17: ANEXAR LOS DOCUMENTOS QUE APLIQUEN O CORRESPONDAN
A19: 3 | B19: SEGUIMIENTO AL CONTRATO
A22: 3.1 | B22: CRONOGRAMA CONTRACTUAL
B23: Se informara sobre el estado del cronogrma del Contrato presentado y aprobado vigente | C23: Diligenciar la hoja de excel denominada 5,- CRONOGRAMA actualizando los datos que correspondan | D23: ANEXAR LOS DOCUMENTOS QUE APLIQUEN O CORRESPONDAN
A25: 3.2 | B25: ACTAS DE VERIFICACION DE USUARIOS-USUARIOS BENEFICIADOS
B26: Relacion y anexos de Actas de verificacion individuales y general | C26: Diligenciar la hoja de excel denominada FASP-01A-PROYEC-actualizando los datos que correspondan | D26: ANEXAR LOS DOCUMENTOS QUE APLIQUEN O CORRESPONDAN
A28: 3.3 | B28: SOCIALIZACIONES DE LOS PROYECTOS
B29: Relacion de socializaciones y actas sucritas y observaciones sobre los pendientes o sus resultados | C29: Diligenciar la hoja de excel denominada FASP-01A-PROYEC-actualizando los datos que correspondan | D29: ANEXAR LOS DOCUMENTOS QUE APLIQUEN O CORRESPONDAN
B30: Acciones realizadas en el perido ante las dificultades o retrasos
A32: 3.7 | B32: CORRESPONDENCIA RECIBIDA Y ENVIADA
B33: Relacion de correspondencia recibida y enviada cada una descripcion breve de su contenido (solo del periodo) | C33: Diligenciar la hoja de excel denominada 6,- CORREP-REUNIONES-actualizando los datos que correspondan | D33: ANEXAR LOS DOCUMENTOS QUE APLIQUEN O CORRESPONDAN
A35: 3.8 | B35: REUNIONES REALIZADAS
B36: Relacion y breve descripcion de la reuniones realizadas, conclusiones y compromisos (solo las del periodo, incluye telconferencias y reuniones telefonicas) | C36: Diligenciar la hoja de excel denominada 6,- CORREP-REUNIONES-actualizando los datos que correspondan | D36: ANEXAR LOS DOCUMENTOS QUE APLIQUEN O CORRESPONDAN
A39: 4 | B39: ACTA DE TERMINACION DE LA INSTALACION DEL CONTRATO
B40: Reporte y remision de documentos para la suscripcion del Acta de terminacion de la etapa de instalación, asuntos pendientes y las acciones realizadas en el periodo para agilizar el proceso del Acta de terminacion de la instalación | C40: Diligenciar la hoja de excel denominada 1,- INFOR-CONTRATO actualizando los datos que correspondan | D40: ANEXAR LOS DOCUMENTOS QUE APLIQUEN O CORRESPONDAN
A45: 5 | B45: LIQUIDACION ANTICIPADA DEL CONTRATO
B46: Informar sobre la situación que origen a l liquidación antiicpada delc ontrato y la remision de documentos para proceder con la liquidacion del contrato l | C46: Diligenciar la hoja de excel denominada 1,- INFOR-CONTRATO actualizando los datos que correspondan | D46: ANEXAR LOS DOCUMENTOS QUE APLIQUEN O CORRESPONDAN
A49: 6 | B49: CONCLUSIONES Y RECOMENDACIONES
A51: 6.1 | B51: CONCLUSIONES
B52: Se deben relacionar las conclusiones mas relevantes sobre la ejecucion del contrato | C52: Diligenciar la hoja de excel denominada 8,- CONCLUSIONES actualizando los datos que correspondan | D52: ANEXAR LOS DOCUMENTOS QUE APLIQUEN O CORRESPONDAN
A55: 7 | B55: RECOMENDACIONES
B56: Relacionar las recomendaciones mas relevantes resultantes del seguimiento en este periodo a implementar en el siguiente periodo | C56: Diligenciar la hoja de excel denominada 8,- CONCLUSIONES actualizando los datos que correspondan | D56: ANEXAR LOS DOCUMENTOS QUE APLIQUEN O CORRESPONDAN

Sheet 1-INFOR-CONTRATO
A1: CONTRATO | B1: CONTRATO IPSE No. 143 DE 2021
A2: FONDO | B2: RECURSOS PROPIOS DEL IPSE
A3: CONTRATRANTE | B3: INSTITUTO DE PLANIFICACIÓN Y PROMOCIÓN DE SOLUCIONES ENERGÉTICAS PARA LAS ZONAS NO INTERCONECTADAS - IPSE
A4: CONTRATISTA | B4: EMPRESA DE ENERGIA ELECTRICA DEL DEPARTAMENTO DEL GUAVIARE - ENERGUAVIARE S.A. E.S.P.
A5: OBJETO | B5: DESARROLLAR E IMPLEMENTAR SOLUCIONES INDIVIDUALES SOLARES FOTOVOLTAICAS – SISFV PARA LA AMPLIACIÓN DE COBERTURA, E IMPLEMENTAR PROYECTOS ENERGÉTICOS SOSTENIBLES CENTRALIZADOS DE TIPO HÍBRIDO, Y MEJORAR LAS CENTRALES DE GENERACIÓN EN LAS COMUNIDADES RURALES DISPERSAS DE LA ZNI EN LOS DEPARTAMENTOS DE ARAUCA, CAQUETÁ, GUAVIARE Y VAUPÉS
A6: ALCANCE DEL CONTRATO | B6: La implementación de las Soluciones Individuales Solares Fotovoltaicas – SISFV en las comunidades rurales y dispersas de la ZNI de los municipios de Arauca, Arauquita y Puerto Rondón en el departamento de Arauca; el municipio de San Vicente del Caguán en el departamento de Caquetá; los municipios de Miraflores y San José del Guaviare en el departamento de Guaviare, desarrollo de un sistema concentrado solar fotovoltaico para la generación de energía eléctrica en el municipio de San José del Guaviare en el departamento del Guaviare y el mejoramiento de las Centrales de Generación en el municipio de San Vicente del Caguán en el departamento de Caquetá y en el municipio de Taraira en el departamento de Vaupés, conforme a la información de los Anexos Técnicos: - No. 1 PROYECTO SISFV ARAUCA - No. 2 PROYECTO SISFV ARAUQUITA - No. 3 PROYECTO SISFV PUERTO RONDÓN - No. 4 PROYECTO SISFV SAN VICENTE DEL CAGUÁN (121 U) - No. 5 PROYECTO SISFV SAN VICENTE DEL CAGUÁN (229 U) - No. 6 PROYECTO SISFV SAN VICENTE DEL CAGUÁN (67 U) - No. 7 PCH GUACAMAYAS - No. 8 PROYECTO HÍBRIDO MIRAFLORES - No. 9 PROYECTO SISFV MIRAFLORES (BARRANQUILLITA) - No. 10 PROYECTO SISFV MIRAFLORES (LAGOS DEL DORADO) - No. 11 PROYECTO SISFV SAN JOSÉ DEL GUAVIARE (115 U) - No. 12 PROYECTO SISFV SAN JOSÉ DEL GUAVIARE (492 U) - No. 13 PROYECTO HÍBRIDO CONCENTRADO SAN JOSÉ DEL GUAVIARE - No. 14 PROYECTO SISFV SAN JOSÉ DEL GUAVIARE (TOMACHIPAN) - No. 15 PROYECTO SISFV SAN JOSÉ DEL GUAVIARE (281 U) - No. 16 PROYECTO HIBRIDO TARAIRA”
A7: FECHA FIRMA | B7: 44511
A8: FECHA ACTA INICIO | B8: 44537
A9: PLAZO DEL CONTRATO | B9: 7.9 MESES
A10: FECHA FINALIZACIÓN DEL CONTRATO | B10: 44773
A11: ACTA SUSPENSION No 01 | B11: MOTIVO DE SUSPENSION
B12: FECHA DE SUSCRIPCION
B13: PERIODO DE SUSPENSION
B14: FECHA DE REINICIO
A15: PRORROGA No 01 | B15: MOTIVO DE PRORROGA
B16: FECHA DE SUSCRIPCION
B17: PLAZO DE PRORROGA
A18: FECHA ACTUALIZADA DE VENCIMIENTO CON SUSPENSIONES Y PRORROGAS
B19: IPSE
A20: CDP | B20: No. 22721 - 04 DE OCTUBRE DE 2021 No. 23721 - 15 DE OCTUBRE DE 2021 RADICADO DE VIGENCIAS FUTURAS No. 2-2021058722 - 05 DE NOVIEMBRE DE 2021
A22: REGISTRO PRESUPUESTAL | B22: No. 98821 (VIGENCIA 2021) No. 98721 (VIGENCIA 2021) No. 2022 (VIGENCIA 2022)
A24: VALOR | B24: =+B25+B26 -> 59883792796
A25: VIGENCIA 2021 | B25: 20913187949
A26: VIGENCIA 2022 | B26: 38970604847
B27: ADICION PRESUPUESTAL
A28: CDP
A29: REGISTRO PRESUPUESTAL
A31: VALOR ADICION
A32: VALOR TOTAL DEL CONTRATO | B32: =B24 -> 59883792796
A33: ENTIDAD BANCARIA | B33: BANCO DE BOGOTÁ
A34: No. Y TIPO DE CUENTA | B34: CUENTA DE AHORROS No. 364812321, Denominada FIDUBOGOTA S.A E.F. ENERGUAVIARE E.S.P. – IPSE 143-2021
A35: NOMBRE DEL ENCARGO FIDUCIARIO | B35: FIDUCIARIA BOGOTÁ S.A.
A36: PERSONAL CONTRATISTA | B36: Nombre del Director de obra:
B37: Nombre del Residente de Obra:
B38: No. contrato: | C38: Empresa:
A39: INTERVENTOR | B39: Nombre del Director de Interventoria:
B40: Nombre del Residente de Interventoria:
B41: SUPERVISOR SCS-IPSE
A42: SUPERVISORES | B42: NELSON MARÍN RAMOS CUADROS
A44: DOCUMENTOS REMITIDOS PARA ACTA DE TERMINACION INSTALACION DEL CONTRATO | B44: DOCUMENTO
A45: FECHA
A48: OBSERVACIONES Y ACCIONES REALIZADAS PARA EL ACTA DE TERMINACION DE INSTALACION DEL CONTRATO
A53: POLIZAS EN ETAPA PREVIA Y DE INSTALACION
A54: GARANTIA | B54: AMPARO | C54: SUMA ASEGURADA | D54: VIGENCIA | F54: FECHA DE APROBACIÓN MME
A55: ASESURADORA POLIZA No. | D55: DESDE | E55: HASTA
A56: LA PREVISORA S.A. COMPAÑÍA DE SEGUROS No. 3000579 | B56: CUMPLIMIENTO DEL CONTRATO | C56: 11976758559 | D56: 44511 | E56: 44962 | F56: APROBADO
B57: CALIDAD DEL SERVICIO | C57: 11976758559 | D57: 44511 | E57: 44962
B58: RESPONSABILIDAD CIVIL EXTRACONTRACTUAL | C58: 3293608604 | D58: 44511 | E58: 44962
A61: POLIZAS EN ETAPA DE ADMINISTRACION , OPERACIÓN Y MANTENIMIENTO -AOM
A62: GARANTIA | B62: AMPARO | C62: SUMA ASEGURADA | D62: VIGENCIA | F62: FECHA DE APROBACIÓN MME
A63: ASESURADORA POLIZA No. | D63: DESDE | E63: HASTA

Sheet FASCP-01A-IPSE
A1: FONDO | B1: IPSE | E1: FICHA DE APOYO, SEGUIMIENTO Y CONTROL DEL CONTRATOS IPSE
M2: CONTRATO No
M3: CONTRATO IPSE No. 143 DE 2021
M4: HOJA 1 DE 4
A5: REGISTRO DE INFORMACIÓN DEL CONTRATO | M5: Formato: FASCP-01
A6: Objeto del proyecto aprobado:
A7: DESARROLLAR E IMPLEMENTAR SOLUCIONES INDIVIDUALES SOLARES FOTOVOLTAICAS – SISFV PARA LA AMPLIACIÓN DE COBERTURA, E IMPLEMENTAR PROYECTOS ENERGÉTICOS SOSTENIBLES CENTRALIZADOS DE TIPO HÍBRIDO, Y MEJORAR LAS CENTRALES DE GENERACIÓN EN LAS COMUNIDADES RURALES DISPERSAS DE LA ZNI EN LOS DEPARTAMENTOS DE ARAUCA, CAQUETÁ, GUAVIARE Y VAUPÉS
A9: Código Proyecto: | B9: N/A | E9: Fecha del Informe: | F9: 44607 | H9: Informe No. : | I9: 2 | M9: ACTA COMITE No
A10: Reportado por: | B10: DYEWISKEY MOSQUERA PALACIOS | F10: Municipio | H10: SAN JOSE DEL GUAVIARE | M10: Entidad Fiduciaria/Entidad Bancaria | O10: FIDUCIARIA BOGOTÁ S.A.
A11: Contratista | B11: ENERGUAVIARE S.A. E.S.P. | F11: Departamento: | H11: GUAVIARE
A12: Valor del contrato | B12: ='1-INFOR-CONTRATO'!B32 -> 59883792796 | E12: Valor adicion contrato | H12: Valor Total Contrato | J12: =B12+F12 -> 59883792796 | M12: Valor Pagado Contrato | O12: 20913187949
A13: % PROGRAMADO DE EJECUCION DE OBRA DEL PROYECTO | B13: 1 | E13: % PAGADO A LA FECHA | F13: =+'2,1-BALANCES FINANCIEROS'!B7 -> 0.34922952 | G13: % AVANCE FISICO | J13: PLAZO EJECUCION (meses) | K13: 7.9 | L13: PLAZO EJECUTADO | N13: 2 | O13: % EJECUCION DEL PLAZO | P13: =N13/K13 -> 0.25316456
A14: Diseños completos | B14: SI | C14: Planos completos | D14: SI | E14: Especificaciones técnicas | F14: SI | G14: Numero de Usuarios del Contrato | I14: 2109 | J14: Requiere Servidumbres | K14: NO | L14: Numero de Servidumbres suscritas | M14: N/A | N14: Numero de Servidumbres pendientes | P14: N/A
A15: Elaboración de pliegos de condiciones | B15: SI | C15: Fecha publicación de pliegos para contratos de Intalacion | D15: 14/12/2021 - 15/12/2021 | G15: Fecha publicación pliegos contratos de suministro | H15: 17/12/2021 - 20/12/2021 | J15: Fecha aprobación ofertas para contratos de obra | K15: 44602 | N15: Fecha aprobación ofertas para contratos de suministro | P15: 44602
A16: Revisión y aprobación de diseños, especificaciones y presupuesto | B16: SI | C16: Fecha de revisión y aprobación de diseños, especificaciones y presupuesto | D16: 44550 | E16: Requiere Permisos de Paso | G16: Numero de permisos suscritos (anexar) | J16: Numero de permisos pendientes | L16: Numero de Actas de socializacion suscritas (Anexar) | M16: 8 | N16: Requiere Licencias ambientales | P16: NO
A17: Numero de Licencias suscritas (Anexar) | B17: N/A | C17: Numero de Licencias pendientes | D17: N/A | E17: Requiere Plan de aprovechamiento Forestal | F17: N/A | G17: Numero de Planes de aprovechamiento Forestal suscritos(anexar) | I17: N/A | J17: Numero de Planes de aprovechamiento Forestal pendientes | K17: N/A | L17: Requiere Permisos ambientales | M17: NO APLICA - DECRETO ÚNICO 1076 | N17: Numero de Permisos suscritos (Anexar) | P17: N/A
A18: Numero de Permisos pendientes | C18: Requiere certificado RETIE(anexar) | E18: Requiere certificado de conformidad RETIE (Anexar) | G18: Fecha de expedicion Certificado conformidad de RETIE | I18: Fecha de expedicion Certificado de RETIE | M18: Numero de certificaciones de Zonas de Alto Riesgo suscritas(anexar)
A19: Numero de certificaciones de Zonas de Alto Riesgo pendientes | C19: Requiere compra de predios | D19: NO | E19: Numero de predios comprados(anexar) | F19: NO | G19: Numero de predios pendientes | H19: NO | I19: Se requieren consultas previas | L19: Numero de consultas previas realizadas | O19: Suscripcion del acta de Terminacion de la Etapa de Previa
A20: Actas de verificacion de usuarios | C20: Numero de Actas de verificación de usuarios suscritas (Anexar) | E20: Numero de Actas de verificación de usuarios pendientes (Anexar) | G20: Acta de Recibo y Entrega de la Infraestructura entre el CONTRATISTA, interventoria y MINISTERIO | L20: Acta de Terminacion de Instalacion entre CONTRATISTA-interventoria y MINISTERIO
A21: USUARIOS BENEFICIADOS
B22: (W) | P22: (W)
A23: Capacidad usuarios | D23: Numero de usuarios aprobados | G23: Numero de usuarios retirados | J23: Numero de usuarios sustituidos | K23: 0 | L23: Total final usuarios Tipo 1 | N23: Total carga usuarios | P23: =B23*M23 -> 0
A24: OBSERVACIONES Y COMENTARIOS SOBRE TODOS LOS ASPECTOS RELACIONADOS:
AB124: 0
T126: 1 | U126: 2 | V126: 3 | W126: 4 | X126: 5 | Y126: 6
T127: AraAra1 | U127: MK-461 | V127: ALCALDE | W127: GRUPO 1 | X127: ARAUCA | Y127: ARAUCA | Z127: ING. JORGE BERNAL
T128: AraAra2 | U128: MK-455 | V128: ALCALDE | W128: GRUPO 1 | X128: ARAUCA | Y128: ARAUCA | Z128: ING. CAROLINA VARGAS | AG128: 0
T129: AraAra3 | U129: MK-460 | V129: ALCALDE | W129: GRUPO 1 | X129: ARAUCA | Y129: ARAUCA | Z129: ING. EDGAR HERNÁNDEZ | AA129: ALCALDÍA | AC129: 1 | AD129: INICIO | AE129: x | AF129: 1. Obras de Arte | AG129: 0 | AH129: 1e+57
T130: AraAra4 | U130: MK-463 | V130: ALCALDE | W130: GRUPO 1 | X130: ARAUCA | Y130: ARAUCA | Z130: ING. FABIO BARRAGÁN | AA130: GOBERNACIÓN | AC130: 2 | AD130: SEGUIMIENTO | AF130: 2. Canalización de aguas
T131: AraArq1 | U131: AR-213 | V131: ALCALDE | W131: GRUPO 1 | X131: ARAUCA | Y131: ARAUQUITA | Z131: ING. JAVIER MONJE | AA131: 0 | AC131: 3 | AD131: FINAL | AF131: 3. Construcción de puentes
T132: AraArq2 | U132: JM-81 | V132: ALCALDE | W132: GRUPO 1 | X132: ARAUCA | Y132: ARAUQUITA | Z132: ING. JAIME GONZÁLEZ | AC132: 4 | AD132: 0 | AF132: 4. Contención de taludes
T133: AraArq3 | U133: AR-212 | V133: ALCALDE | W133: GRUPO 1 | X133: ARAUCA | Y133: ARAUQUITA | Z133: ING. EMILIO FRANCO | AC133: 5 | AF133: 5. Obras de Acueductoy saneamiento
T134: AraArq4 | U134: JM-82 | V134: ALCALDE | W134: GRUPO 1 | X134: ARAUCA | Y134: ARAUQUITA | Z134: ING. EDGAR GAMBOA | AC134: 6 | AF134: 6. Reparación de vías
T135: AraCra1 | U135: 4818 | V135: ALCALDE | W135: GRUPO 1 | X135: ARAUCA | Y135: CRAVO NORTE | Z135: ING. JUAN AGUDELO | AF135: 7. Motobombas y Herramientas
T136: AraCra2 | U136: 4819 | V136: ALCALDE | W136: GRUPO 1 | X136: ARAUCA | Y136: CRAVO NORTE | Z136: ING. ALFREDO FERREIRA | AF136: 8. Maquinaria
T137: AraFor1 | U137: 2538 | V137: ALCALDE | W137: GRUPO 1 | X137: ARAUCA | Y137: FORTUL | Z137: ING. JAVIER FONSECA | AF137: 9. Reforzamiento y contención
T138: AraFor2 | U138: 2539 | V138: ALCALDE | W138: GRUPO 1 | X138: ARAUCA | Y138: FORTUL | Z138: ING. GERMÁN GUTIÉRREZ
T139: AraFor3 | U139: MK-102 | V139: ALCALDE | W139: GRUPO 1 | X139: ARAUCA | Y139: FORTUL | Z139: ING. MARCELA GARCÍA
T140: AraSar1 | U140: JM-622 | V140: ALCALDE | W140: GRUPO 1 | X140: ARAUCA | Y140: SARAVENA | Z140: ING. JOSÉ GARCIA
T141: AraSar2 | U141: JM-623 | V141: ALCALDE | W141: GRUPO 1 | X141: ARAUCA | Y141: SARAVENA | Z141: ING. JOSÉ CADENA
T142: AraSar3 | U142: JM-624 | V142: ALCALDE | W142: GRUPO 1 | X142: ARAUCA | Y142: SARAVENA | Z142: ING. DIEGO CÓRDOBA | AF142: 0
T143: AraTam1 | U143: AR-209 | V143: ALCALDE | W143: GRUPO 1 | X143: ARAUCA | Y143: TAME
T144: AraTam2 | U144: AR-207 | V144: ALCALDE | W144: GRUPO 1 | X144: ARAUCA | Y144: TAME
T145: AraTam3 | U145: AR-210 | V145: ALCALDE | W145: GRUPO 1 | X145: ARAUCA | Y145: TAME
T146: AraTam4 | U146: AR-208 | V146: ALCALDE | W146: GRUPO 1 | X146: ARAUCA | Y146: TAME
T147: CasHat1 | U147: 5827 | V147: ALCALDE | W147: GRUPO 1 | X147: CASANARE | Y147: HATO COROZAL
T148: CasHat2 | U148: 5824 | V148: ALCALDE | W148: GRUPO 1 | X148: CASANARE | Y148: HATO COROZAL
T149: CasHat3 | U149: 5826 | V149: ALCALDE | W149: GRUPO 1 | X149: CASANARE | Y149: HATO COROZAL
T150: CasLaS1 | U150: 8785 | V150: ALCALDE | W150: GRUPO 1 | X150: CASANARE | Y150: LA SALINA
T151: CasLaS2 | U151: 8774 | V151: ALCALDE | W151: GRUPO 1 | X151: CASANARE | Y151: LA SALINA
T152: CasLaS3 | U152: 8766 | V152: ALCALDE | W152: GRUPO 1 | X152: CASANARE | Y152: LA SALINA
T153: CasLaS4 | U153: 8777 | V153: ALCALDE | W153: GRUPO 1 | X153: CASANARE | Y153: LA SALINA
T154: CasPaz1 | U154: 7121 | V154: ALCALDE | W154: GRUPO 1 | X154: CASANARE | Y154: PAZ DE ARIPORO
T155: CasPaz2 | U155: 6802 | V155: ALCALDE | W155: GRUPO 1 | X155: CASANARE | Y155: PAZ DE ARIPORO
T156: CasPaz3 | U156: 7119 | V156: ALCALDE | W156: GRUPO 1 | X156: CASANARE | Y156: PAZ DE ARIPORO
T157: CasSac1 | U157: VL-950 | V157: ALCALDE | W157: GRUPO 1 | X157: CASANARE | Y157: SÁCAMA
T158: CasSac2 | U158: VL-952 | V158: ALCALDE | W158: GRUPO 1 | X158: CASANARE | Y158: SÁCAMA
T159: CasSac3 | U159: 7476 | V159: ALCALDE | W159: GRUPO 1 | X159: CASANARE | Y159: SÁCAMA
T160: CasTam1 | U160: 4137 | V160: ALCALDE | W160: GRUPO 1 | X160: CASANARE | Y160: TÁMARA
T161: CasTam2 | U161: 4138 | V161: ALCALDE | W161: GRUPO 1 | X161: CASANARE | Y161: TÁMARA
T162: CasTam3 | U162: 4140 | V162: ALCALDE | W162: GRUPO 1 | X162: CASANARE | Y162: TÁMARA
T163: CunGcn1 | U163: 3392 | V163: ALCALDE | W163: GRUPO 10 | X163: CUNDINAMARCA | Y163: GACHANCIPÁ
T164: CunGcn2 | U164: MK-412 | V164: ALCALDE | W164: GRUPO 10 | X164: CUNDINAMARCA | Y164: GACHANCIPÁ
T165: CunGcn3 | U165: MK-414 | V165: ALCALDE | W165: GRUPO 10 | X165: CUNDINAMARCA | Y165: GACHANCIPÁ
T166: CunGcn4 | U166: MK-413 | V166: ALCALDE | W166: GRUPO 10 | X166: CUNDINAMARCA | Y166: GACHANCIPÁ
T167: CunGch1 | U167: 4927 | V167: ALCALDE | W167: GRUPO 10 | X167: CUNDINAMARCA | Y167: GACHETÁ
T168: CunGch2 | U168: 5339 | V168: ALCALDE | W168: GRUPO 10 | X168: CUNDINAMARCA | Y168: GACHETÁ
T169: CunGch3 | U169: 4926 | V169: ALCALDE | W169: GRUPO 10 | X169: CUNDINAMARCA | Y169: GACHETÁ
T170: CunGma1 | U170: IB-332 | V170: ALCALDE | W170: GRUPO 10 | X170: CUNDINAMARCA | Y170: GAMA
T171: CunGma2 | U171: IB-335 | V171: ALCALDE | W171: GRUPO 10 | X171: CUNDINAMARCA | Y171: GAMA
T172: CunGma3 | U172: IB-334 | V172: ALCALDE | W172: GRUPO 10 | X172: CUNDINAMARCA | Y172: GAMA
T173: CunGma4 | U173: IB-333 | V173: ALCALDE | W173: GRUPO 10 | X173: CUNDINAMARCA | Y173: GAMA
T174: CunGma5 | U174: IB-336 | V174: ALCALDE | W174: GRUPO 10 | X174: CUNDINAMARCA | Y174: GAMA
T175: CunGsc1 | U175: 2382 | V175: ALCALDE | W175: GRUPO 10 | X175: CUNDINAMARCA | Y175: GUASCA
T176: CunGsc2 | U176: 2381 | V176: ALCALDE | W176: GRUPO 10 | X176: CUNDINAMARCA | Y176: GUASCA
T177: CunGsc3 | U177: 3192-0 | V177: ALCALDE | W177: GRUPO 10 | X177: CUNDINAMARCA | Y177: GUASCA
T178: CunGsc4 | U178: 3150-0 | V178: ALCALDE | W178: GRUPO 10 | X178: CUNDINAMARCA | Y178: GUASCA
T179: CunGvt1 | U179: 2315 | V179: ALCALDE | W179: GRUPO 10 | X179: CUNDINAMARCA | Y179: GUATAVITA
T180: CunGvt2 | U180: IB-304 | V180: ALCALDE | W180: GRUPO 10 | X180: CUNDINAMARCA | Y180: GUATAVITA
T181: CunGvt3 | U181: 2307 | V181: ALCALDE | W181: GRUPO 10 | X181: CUNDINAMARCA | Y181: GUATAVITA
T182: CunJnn1 | U182: 1334 | V182: ALCALDE | W182: GRUPO 10 | X182: CUNDINAMARCA | Y182: JUNÍN
T183: CunJnn2 | U183: IB-155 | V183: GOBERNADOR | W183: GRUPO 10 | X183: CUNDINAMARCA | Y183: JUNÍN
T184: CunJnn3 | U184: IB-154 | V184: GOBERNADOR | W184: GRUPO 10 | X184: CUNDINAMARCA | Y184: JUNÍN
T185: CunJnn4 | U185: IB-156 | V185: GOBERNADOR | W185: GRUPO 10 | X185: CUNDINAMARCA | Y185: JUNÍN
T186: CunJnn5 | U186: 1333 | V186: ALCALDE | W186: GRUPO 10 | X186: CUNDINAMARCA | Y186: JUNÍN
T187: CunLCl1 | U187: 6022 | V187: ALCALDE | W187: GRUPO 10 | X187: CUNDINAMARCA | Y187: LA CALERA
T188: CunLCl2 | U188: 6021 | V188: ALCALDE | W188: GRUPO 10 | X188: CUNDINAMARCA | Y188: LA CALERA
T189: CunMch1 | U189: 2344 | V189: ALCALDE | W189: GRUPO 10 | X189: CUNDINAMARCA | Y189: MACHETÁ
T190: CunMnt1 | U190: JM-593 | V190: ALCALDE | W190: GRUPO 10 | X190: CUNDINAMARCA | Y190: MANTA
T191: CunMnt2 | U191: IB-166 | V191: ALCALDE | W191: GRUPO 10 | X191: CUNDINAMARCA | Y191: MANTA
T192: CunMnt3 | U192: IB-169 | V192: ALCALDE | W192: GRUPO 10 | X192: CUNDINAMARCA | Y192: MANTA
T193: CunMnt4 | U193: IB-816 | V193: ALCALDE | W193: GRUPO 10 | X193: CUNDINAMARCA | Y193: MANTA
T194: CunMnt5 | U194: IB-168 | V194: ALCALDE | W194: GRUPO 10 | X194: CUNDINAMARCA | Y194: MANTA
T195: CunMnt6 | U195: IB-167 | V195: ALCALDE | W195: GRUPO 10 | X195: CUNDINAMARCA | Y195: MANTA
T196: CunMnt7 | U196: IB-818 | V196: ALCALDE | W196: GRUPO 10 | X196: CUNDINAMARCA | Y196: MANTA
T197: CunMnt8 | U197: IB-817 | V197: ALCALDE | W197: GRUPO 10 | X197: CUNDINAMARCA | Y197: MANTA
T198: CunSsq1 | U198: MK-454 | V198: ALCALDE | W198: GRUPO 10 | X198: CUNDINAMARCA | Y198: SESQUILÉ
T199: CunSsq2 | U199: IB-413 | V199: ALCALDE | W199: GRUPO 10 | X199: CUNDINAMARCA | Y199: SESQUILÉ
T200: CunSsq3 | U200: IB-415 | V200: ALCALDE | W200: GRUPO 10 | X200: CUNDINAMARCA | Y200: SESQUILÉ
T201: CunSsq4 | U201: IB-697 | V201: ALCALDE | W201: GRUPO 10 | X201: CUNDINAMARCA | Y201: SESQUILÉ
...

Sheet 2,1-BALANCES FINANCIEROS
A1: BALANCE DE PAGOS
A2: CONTRATO | B2: =+'1-INFOR-CONTRATO'!B1:D1 -> CONTRATO IPSE No. 143 DE 2021
A3: VALOR DEL CONTRATO | B3: =+'1-INFOR-CONTRATO'!B24:D24 -> 59883792796
A4: VALOR ADICION No 01 | B4: ='[2]1,-Info General'!B38:D38 -> 0
A5: VALOR TOTAL CONTRATO | B5: =SUM(B3:B4) -> 59883792796
A6: VALOR PAGADO | B6: 20913187949
A7: % PAGADO | B7: =B6/B5 -> 0.34922952
A9: PAGOS CONTRATO IPSE No. 143 DE 2021 | B9: REQUISITOS | C9: VIGENCIA | D9: VALOR | E9: RADICADO APROBACIÓN - IPSE | F9: FECHA RAD.-IPSE | G9: PAGO REALIZADO-IPSE | H9: FECHA-IPSE | I9: SALDO POR PAGAR
A10: PRIMER DESEMBOLSO | B10: • Cronograma • Plan de trabajo • Entrega de copia de la publicación de términos de referencia de los contratos de implementación, capacitación o suministro e interventoría según corresponda. • Constitución del encargo de fiduciario. | C10: 2021 | D10: =+B6 -> 20913187949 | E10: 44558 | F10: 44558 | G10: =+D10 -> 20913187949 | H10: 44560 | I10: =B5-G10 -> 38970604847
A11: SEGUNDO DESEMBOLSO | B11: • Copia de suscripción de los contratos de implementación, capacitación o suministro e interventoría según corresponda. • Órdenes de compra efectivas con la correspondiente factura de compra debidamente cancelada de materiales y equipos importados y nacionales con destino a los proyectos del contrato, indicando fecha de entrega, aprobados por la interventoría y avalados por ENERGUAVIARE S.A. E.S.P. • Informe de socialización preliminar a localidades beneficiadas. | C11: 2022 | D11: 14970948199 | I11: =I10-G11 -> 38970604847
A12: TERCER DESEMBOLSO | B12: • Acta de Arribo de materiales y nacionalización de equipos importados, debidamente suscrito por la interventoría y el contratista de implementación o suministro y avalado por ENERGUAVIARE S.A. E.S.P. • Acta de Arribo de materiales y equipos nacionales en los centros de acopio para la ejecución del contrato interadministrativo, debidamente suscrito por la interventoría y el contratista de implementación o suministro y avalado por ENERGUAVIARE S.A. E.S.P. • Informe de avance de ejecución de trabajos del 50%, debidamente validado y aprobado por la interventoría y avalado por ENERGUAVIARE S.A. E.S.P, con el inventario detallado de los equipos instalados. • Informe de avance de capacitación del 50% de la totalidad de los usuarios (actas de asistencia, material fotográfico, material utilizado durante la capacitación, entre otros) debidamente validado y aprobado por la interventoría y avalado por ENERGUAVIARE S.A. E.S.P. | C12: 2022 | D12: 17965137839 | I12: =I11-G12 -> 38970604847
A13: CUARTO DESEMBOLSO | B13: • Se cancelará previa firma del acta de recibido a satisfacción por parte de la interventoría de la totalidad de las obligaciones cumplidas, actividades y del 100% de la infraestructura instalada y en operación, avaladas por ENERGUAVIARE S.A. E.S.P., quien deberá remitirlas al IPSE para su correspondiente aprobación junto con los certificados RETIE y de calibración de los medidores. • Entrega de las liquidaciones de los contratos derivados. • Entrega y aprobación del informe final por parte de la interventoría y aprobación de ENERGUAVIARE S.A. E.S.P. quien deberá remitirlo al IPSE para su correspondiente aprobación. • Registro de las capacitaciones conforme a la totalidad de los nuevos usuarios y al personal técnico para lo cual deberá allegar actas de asistencia, material fotográfico, material utilizado durante la capacitación, entre otros, debidamente validado y aprobado por la interventoría y avalado por ENERGUAVIARE S.A. E.S.P., junto con copia de la cartilla o manual de operación al IPSE, en los casos que aplique. • Copia de acta de recibido de la infraestructura por parte de los usuarios del servicio, y proyecto de acta de liquidación del contrato. • Suscribir el acta o las actas, de entrega de la infraestructura con el operador encargado que realizará la Administración, Operación y Mantenimiento – AOM. | C13: 2022 | D13: 6034518809 | I13: =I12-G13 -> 38970604847
D14: =SUM(D10:D13) -> 59883792796 | G14: =SUM(G10:G13) -> 20913187949 | I14: =+I13 -> 38970604847

Sheet 3,2-CONTRA-SUMINISTRO
E2: FICHA DE APOYO, SEGUIMIENTO Y CONTROL DE PROYECTOS Y CONTRATOS IPSE
M3: CONTRATO DE ADMINISTRACION No
M4: CONTRATO IPSE No. 143 DE 2021
A5: FONDO | B5: IPSE | M5: HOJA 1 DE 4
A6: REGISTRO DE INFORMACIÓN DE CONTRATOS DERIVADOS | M6: Formato: FASCP-01B
A7: Fecha del Informe: | D7: Informe No. : | F7: Contrato de Suministro No. | I7: Entidad Fiduciaria: | M7: Fiduciaria No.
A8: Contratista | F8: Reportado por:
A10: Contratista Suministro:
A11: Objeto Contrato de Suministro:
A14: Código Proyecto No. 1: | E14: Objeto del proyecto aprobado No 1:
A17: Plazo Contrato (Meses) | E17: Fecha firma contrato (dd/mm/aa) | J17: Fecha Acta de Inicio (dd/mm/aa) | N17: Fecha de finalización (dd/mm/aa)
E18: Suspensiones en meses | J18: Prorrogas en meses | N18: Fecha finalización vigente (dd/mm/aa)
A19: Valor Contrato: | F19: Valor adición: | L19: Valor Total: | M19: =C19+H19 -> 0
A20: Aseguradora Contrato de Suministro | C20: No Poliza | F20: INFORMACION DE PAGOS CONTRATO DE SUMINISTRO
A21: SURAMERICANA | C21: Fecha Venc. | D21: Vr. Asegurado
A22: Cumplimiento | F22: Vr. Contrato | J22: =M19 -> 0
A23: Buen Manejo del Anticipo | F23: Vr. Total pagado Actas | J23: 0
A24: Calidad y correcto funcionamiento | F24: Saldo por pagar Contrato | J24: 0
A25: Pago Salarios y Prestaciones | F25: Vr. Anticipo | J25: 0
A26: Responsabilidad Civil Extracontractual | F26: Total amortizado anticipo | J26: 0
A27: Otra? Cual _____________________ | F27: Saldo por amortizar anticipo | J27: =J25-J26 -> 0
F28: Porcentaje pagado | J28: =J23/J22 -> #DIV/0!
A29: Diseños completos | C29: Planos completos | E29: Especificaciones técnicas | J29: Fecha de Acta de Recibo del contrato de suministro | N29: Fecha de Acta de liquidacion contrato de suministro
E31: APOYO, SEGUIMIENTO Y CONTROL DE PROYECTOS DE OBRAS IPSE - ENERGUAVIARE S.A. E.S.P.
M32: =M3 -> CONTRATO DE ADMINISTRACION No
M33: =M4 -> CONTRATO IPSE No. 143 DE 2021
A34: =A5 -> FONDO | B34: =B5 -> IPSE | M34: HOJA 2 DE 4
A35: AVANCE DEL SUMINISTRO
A36: Actividades contractuales | E36: Unidad de Medida | F36: Valor unitario | H36: Cantidad Contratada | J36: Valor Total | L36: Cantidad Ejecutada | M36: Valor Total Ejecutado | P36: % Ejecutado
J37: =F37*H37 -> 0 | M37: =L37*F37 -> 0 | P37: =M37/J37 -> #DIV/0!
J38: =F38*H38 -> 0 | M38: =L38*F38 -> 0 | P38: =M38/J38 -> #DIV/0!
J39: =F39*H39 -> 0 | M39: =L39*F39 -> 0 | P39: =M39/J39 -> #DIV/0!
J40: =F40*H40 -> 0 | M40: =L40*F40 -> 0 | P40: =M40/J40 -> #DIV/0!
J41: =F41*H41 -> 0 | M41: =L41*F41 -> 0 | P41: =M41/J41 -> #DIV/0!
J42: =F42*H42 -> 0 | M42: =L42*F42 -> 0 | P42: =M42/J42 -> #DIV/0!
J43: =F43*H43 -> 0 | M43: =L43*F43 -> 0 | P43: =M43/J43 -> #DIV/0!
J44: =F44*H44 -> 0 | M44: =L44*F44 -> 0 | P44: =M44/J44 -> #DIV/0!
J45: =F45*H45 -> 0 | M45: =L45*F45 -> 0 | P45: =M45/J45 -> #DIV/0!
J46: =F46*H46 -> 0 | M46: =L46*F46 -> 0 | P46: =M46/J46 -> #DIV/0!
J47: =F47*H47 -> 0 | M47: =L47*F47 -> 0 | P47: =M47/J47 -> #DIV/0!
J48: =F48*H48 -> 0 | M48: =L48*F48 -> 0 | P48: =M48/J48 -> #DIV/0!
... J53: =F53*H53 -> 0 | M53: =L53*F53 -> 0 | P53: =M53/J53 -> #DIV/0!
A54: TOTALES | J54: =SUM(J37:K53) -> 0 | M54: =SUM(M37:N53) -> 0 | O54: =IFERROR((M54/J54),0) -> 0 | P54: =M54/J54 -> #DIV/0!
A55: VALOR PROGRAMADO A LA FECHA | E55: VR. EJECUTADO A LA FECHA | H55: % PROGRAMADO A LA FECHA | L55: % EJECUTADO A LA FECHA | O55: ATRASO %
E56: =M54 -> 0 | L56: =P54 -> #DIV/0! | O56: =IFERROR((H56-L56),0) -> 0
A57: Resumen estado de avance fisiCo y financiero actual del contrato de suministro . Si no se va a ejecutar cuales son las causas?
A64: Recomendaciones sobre la continuidad o no de las obras o forma de solucionar inconvenientes observados
A73: FIRMAS
A77: NOMBRE: | E77: CC: | J77: NOMBRE: | M77: CC:
A78: REPRESENTANTE O DELEGADO SUPERVISOR DEL ADMINISTRADOR | J78: INTERVENTOR DE LA OBRA O SUMINISTRO
A79: El Proyecto presenta un desarrollo: | F79: Normal | J79: Anormal | M79: Crítico
C80: DELEGADO -SUPERVISOR DEL CONTRATISTA
A81: Nombre
A82: Dirección
A83: teléfono fijo
A84: Celular
A85: email
A86: Replanteos, Avances, retrasos, decisiones y compromisos con el contratista y el interventor
A98: Se realizan comites del Contrato y se encuentran debidamente documentadas?
A99: Se da cumplimiento a las Normas de salud Ocupacional y Seguridad Industrial?
A100: Logros y dificultades aspectos administrativos jurídicos, técnicos o financieros o de liquidacion del contrato (solo mencione aquellos en los que hayan aspectos relevantes):
A110: Logros y dificultades encontradas para la Certificacion RETIE o certificado de conformidad:
V122: CunVlp3 | W122: JM-734 | X122: ALCALDE | Y122: GRUPO 11 | Z122: CUNDINAMARCA | AA122: VILLAPINZÓN
V123: CunVlp4 | W123: JM-732 | X123: ALCALDE | Y123: GRUPO 11 | Z123: CUNDINAMARCA | AA123: VILLAPINZÓN
V124: CunAlb1 | W124: IB-722 | X124: ALCALDE | Y124: GRUPO 12 | Z124: CUNDINAMARCA | AA124: ALBÁN
V125: CunAlb2 | W125: IB-724 | X125: ALCALDE | Y125: GRUPO 12 | Z125: CUNDINAMARCA | AA125: ALBÁN
V126: CunAlb3 | W126: IB-416 | X126: ALCALDE | Y126: GRUPO 12 | Z126: CUNDINAMARCA | AA126: ALBÁN
V127: CunAlb4 | W127: IB-721 | X127: ALCALDE | Y127: GRUPO 12 | Z127: CUNDINAMARCA | AA127: ALBÁN
V128: CunAlb5 | W128: IB-114 | X128: GOBERNADOR | Y128: GRUPO 12 | Z128: CUNDINAMARCA | AA128: ALBÁN
V129: CunAnl1 | W129: 7123 | X129: ALCALDE | Y129: GRUPO 12 | Z129: CUNDINAMARCA | AA129: ANOLAIMA
V130: CunAnl2 | W130: IB-117 | X130: GOBERNADOR | Y130: GRUPO 12 | Z130: CUNDINAMARCA | AA130: ANOLAIMA
V131: CunAnl3 | W131: MK-356 | X131: ALCALDE | Y131: GRUPO 12 | Z131: CUNDINAMARCA | AA131: ANOLAIMA
V132: CunAnl4 | W132: MK-357 | X132: ALCALDE | Y132: GRUPO 12 | Z132: CUNDINAMARCA | AA132: ANOLAIMA
V133: CunAnl5 | W133: MK-359 | X133: ALCALDE | Y133: GRUPO 12 | Z133: CUNDINAMARCA | AA133: ANOLAIMA
V134: CunAnl6 | W134: MK-358 | X134: ALCALDE | Y134: GRUPO 12 | Z134: CUNDINAMARCA | AA134: ANOLAIMA
V135: CunBlt1 | W135: 3421 | X135: ALCALDE | Y135: GRUPO 12 | Z135: CUNDINAMARCA | AA135: BELTRÁN
V136: CunBlt2 | W136: 5775 | X136: ALCALDE | Y136: GRUPO 12 | Z136: CUNDINAMARCA | AA136: BELTRÁN
V137: CunBlt3 | W137: 7021 | X137: ALCALDE | Y137: GRUPO 12 | Z137: CUNDINAMARCA | AA137: BELTRÁN
V138: CunBtm1 | W138: 1498-A | X138: ALCALDE | Y138: GRUPO 12 | Z138: CUNDINAMARCA | AA138: BITUIMA
V139: CunBtm2 | W139: MK-363 | X139: ALCALDE | Y139: GRUPO 12 | Z139: CUNDINAMARCA | AA139: BITUIMA
V140: CunBtm3 | W140: JM-238 | X140: ALCALDE | Y140: GRUPO 12 | Z140: CUNDINAMARCA | AA140: BITUIMA
V141: CunChg1 | W141: 2610 | X141: ALCALDE | Y141: GRUPO 12 | Z141: CUNDINAMARCA | AA141: CHAGÛANÍ
V142: CunChg2 | W142: 1693 | X142: ALCALDE | Y142: GRUPO 12 | Z142: CUNDINAMARCA | AA142: CHAGÛANÍ
V143: CunChg3 | W143: 1692 | X143: ALCALDE | Y143: GRUPO 12 | Z143: CUNDINAMARCA | AA143: CHAGÛANÍ
V144: CunGtq1 | W144: 4149 | X144: ALCALDE | Y144: GRUPO 12 | Z144: CUNDINAMARCA | AA144: GUATAQUÍ
V145: CunGtq2 | W145: 4148 | X145: ALCALDE | Y145: GRUPO 12 | Z145: CUNDINAMARCA | AA145: GUATAQUÍ
V146: CunGtq3 | W146: 5947 | X146: ALCALDE | Y146: GRUPO 12 | Z146: CUNDINAMARCA | AA146: GUATAQUÍ
V147: CunGyl1 | W147: 2259 | X147: ALCALDE | Y147: GRUPO 12 | Z147: CUNDINAMARCA | AA147: GUAYABAL DE SIQUIMA
V148: CunGyl2 | W148: IB-151 | X148: ALCALDE | Y148: GRUPO 12 | Z148: CUNDINAMARCA | AA148: GUAYABAL DE SIQUIMA
V149: CunGyl3 | W149: 2257 | X149: ALCALDE | Y149: GRUPO 12 | Z149: CUNDINAMARCA | AA149: GUAYABAL DE SIQUIMA
V150: CunNrñ1 | W150: 5108 | X150: ALCALDE | Y150: GRUPO 12 | Z150: CUNDINAMARCA | AA150: NARIÑO
V151: CunNrñ2 | W151: 5109 | X151: ALCALDE | Y151: GRUPO 12 | Z151: CUNDINAMARCA | AA151: NARIÑO
V152: CunNrñ3 | W152: 5110 | X152: ALCALDE | Y152: GRUPO 12 | Z152: CUNDINAMARCA | AA152: NARIÑO
V153: CunPli1 | W153: 2080-4 | X153: ALCALDE | Y153: GRUPO 12 | Z153: CUNDINAMARCA | AA153: PULÍ
V154: CunPli2 | W154: 2080-2 | X154: ALCALDE | Y154: GRUPO 12 | Z154: CUNDINAMARCA | AA154: PULÍ
V155: CunPli3 | W155: 2080-1 | X155: ALCALDE | Y155: GRUPO 12 | Z155: CUNDINAMARCA | AA155: PULÍ
V156: CunPli4 | W156: 2080-3 | X156: ALCALDE | Y156: GRUPO 12 | Z156: CUNDINAMARCA | AA156: PULÍ
V157: CunQpl1 | W157: 4003-0 | X157: ALCALDE | Y157: GRUPO 12 | Z157: CUNDINAMARCA | AA157: QUIPILE
V158: CunQpl2 | W158: 1964-1 | X158: ALCALDE | Y158: GRUPO 12 | Z158: CUNDINAMARCA | AA158: QUIPILE
V159: CunQpl3 | W159: 4002 | X159: ALCALDE | Y159: GRUPO 12 | Z159: CUNDINAMARCA | AA159: QUIPILE
...

Sheet 4,1- CRONOGRAMA
A1: CRONOGRAMA
A2: CONTRATO IPSE-143-2021
A3: PROYECTO | C3: DESARROLLAR E IMPLEMENTAR SOLUCIONES INDIVIDUALES SOLARES FOTOVOLTAICAS - SISFV PARA LA AMPLIACIÓN DE COBERTURA, E IMPLEMENTAR PROYECTOS ENERGÉTICOS SOSTENIBLES CENTRALIZADOS DE TIPO HÍBRIDO, Y MEJORAR LAS CENTRALES DE GENERACIÓN EN LAS COMUNIDADES RURALES DISPERSAS DE LA ZNI EN LOS DEPARTAMENTOS DE ARAUCA, CAQUETÁ, GUAVIARE Y VAUPÉS.
A4: CONTRATISTA | E4: ENERGUAVIARE S.A. E.S.P.
A5: CRONOGRAMA
A6: Fecha de suscripción del contrato | D6: 44511 | I6: 44540
A7: FECHA PREVISTA ACTA DE INICIO | D7: 44537 | I7: 44773 | J7: =+(I7-I6)/30 -> 7.7666667
A8: FECHA PREVISTA DE TERMINACIÓN | D8: 44773
A9: PLAZO PREVISTO (MESES) | D9: =+(D8-D7)/30 -> 7.8666667
A11: Ítem | B11: Actividad | D11: Duración (días) | E11: Fecha Inicio | F11: Fecha Final | G11: DOCUMENTOS SOPORTE | J11: 7 MESES
A12: a) ETAPA 1 - Actividades previas a la contratación
A13: 1 | B13: Incorporación de los recursos al presupuesto de la entidad. | D13: =+F13-E13 -> 30 | E13: =+D6 -> 44511 | F13: 44541 | G13: Certificación
A14: 2 | B14: Suscripción del Encargo fiduciario. | D14: =+F14-E14 -> 13 | E14: =+D7 -> 44537 | F14: 44550 | G14: Contrato de EF y certificado de cuenta.
A15: 3 | B15: Revisión, aceptación y apropiación de diseños. | D15: =+F15-E15 -> 13 | E15: =+E14 -> 44537 | F15: 44550 | G15: Certificación
A16: 4 | B16: Revisión, optimización y aceptación de los recursos del contrato. | D16: =+F16-E16 -> 13 | E16: =+E15 -> 44537 | F16: =+F15 -> 44550 | G16: Certificación
A17: 5 | B17: Elaboración plan de trabajo, indicando los centros de acopio (ciudades y municipio más cercano) | D17: =+F17-E17 -> 13 | E17: =+E16 -> 44537 | F17: =+F16 -> 44550 | G17: Conunicación de ENERGUAVIARE al IPSE
A18: 6 | B18: Elaboración de pliegos de contratación de contrato de obra / interventoria | D18: =+F18-E18 -> 6 | E18: =+E14 -> 44537 | F18: 44543 | G18: Formato de solicitud de bienes y servicios y DBI (Documento Base de Invitación)
A19: b) ETAPA 2 - Actividades de contratación
A20: 1 | B20: Publicación de pliegos de contrato de obra / interventoria | D20: =+F20-E20 -> 41 | E20: =+F18+1 -> 44544 | F20: 44585 | G20: Acto de gerencia de apertura de procesos
A21: 2 | B21: Recibo, evaluación y adjudicación de ofertas de contrato de obra / interventoria | D21: =+F21-E21 -> 6 | E21: 44586 | F21: 44592 | G21: Acto de gerencia de adjudicación de procesos
A22: 3 | B22: Firma de contratos de instalación / suministro e Interventoria, y suscripción de Actas de Inicio | D22: =+F22-E22 -> 9 | E22: =+F21+1 -> 44593 | F22: 44602 | G22: Contratos y actas de inicio
A23: 4 | B23: Validar, aprobar y presentar al IPSE el análisis de riesgos | D23: =+F23-E23 -> 17 | E23: 44575 | F23: 44592 | G23: Comunicación del CONTRATISTA a INTERVENTORIA y ENERGUAVIARE
A24: 5 | B24: Presentación de cronogramas de los contratos aprobados por la interventoria | D24: =+F24-E24 -> 5 | E24: =+F22+1 -> 44603 | F24: 44608 | G24: Comunicación del CONTRATISTA a INTERVENTORIA y ENERGUAVIARE
A25: 6 | B25: Realización de socialización y capacitación de usuarios. (A partir del Acta de Inicio) | D25: =+F25-E25 -> 15 | E25: =+E24 -> 44603 | F25: 44618 | G25: Acta de socialización y listados de asistencia
A26: c) ETAPA 3 - Actividades de asistencia técnica, ejecución, recibo de trabajos, liquidación de contratos y entrega de la infraestructura al operador de Administración, Operación y Mantenimiento
A27: 1 | B27: Compra de materiales nacionales e importados y nacionalización de los equipos | D27: =+F27-E27 -> 70 | E27: =+F22 -> 44602 | F27: 44672 | G27: Ordenes de compra, Certificado de nacionalización
A28: 2 | B28: Disposición de los materiales en los centros de acopio | D28: =+F28-E28 -> 8 | E28: =+F27+1 -> 44673 | F28: 44681 | G28: Informe de interventoria, registro fotografico
A29: 3 | B29: Suscripción de actas de consentimiento previo libre e informado (en caso de aplicar) | D29: =+F29-E29 -> 18 | E29: =+E27 -> 44602 | F29: 44620 | G29: Actas de consentimiento
A30: 4 | B30: Ejecución de trabajos y capacitación de usuarios. | D30: =+F30-E30 -> 70 | E30: =+F27+1 -> 44673 | F30: 44743 | G30: Licencias, certificaciones, soportes
A31: 5 | B31: Actas de recibo de entrega parcial y final de trabajos los contratistas a la interventoría | D31: =+F31-E31 -> 6 | E31: =+F30+1 -> 44744 | F31: 44750 | G31: Actas
A32: 6 | B32: Actas de recibo entrega de parcial y final de inventarios entre el IPSE y ENERGUAVIARE S.A. E.S.P. | D32: =+F32-E32 -> 6 | E32: =+F31+1 -> 44751 | F32: 44757 | G32: Actas
A33: 7 | B33: Adelantar las gestiones necesarias para la entrega de la infraestructura a un operador del servicio, previa autorización del IPSE, para los usuarios Soluciones Individuales Solares Fotovoltaicas - SISFV. | D33: =+F33-E33 -> 5 | E33: =+F32+1 -> 44758 | F33: 44763 | G33: Comunicación a operadores
A34: 8 | B34: Revisar, ajustar y validar el “Esquema de Sostenibilidad” desarrollado en la estructuración de los proyectos de cada municipio y los ajustes correspondientes para los proyectos a ejecutar | D34: =+F34-E34 -> 5 | E34: =+F32+1 -> 44758 | F34: 44763 | G34: Esquema de sostenibilidad revisado, ajustado y validado
A35: 9 | B35: Suscribir Actas de liquidación de los contratos derivados. | D35: =+F35-E35 -> 3 | E35: =+F34+1 -> 44764 | F35: 44767 | G35: Acta de liquidación
A36: 10 | B36: Presentar el proyecto de Acta de Liquidación con los respectivos soportes solicitados por el IPSE, para la liquidación del contrato | D36: =+F36-E36 -> 5 | E36: =+F35+1 -> 44768 | F36: 44773 | G36: Proyecto de Acta de liquidación
B42: DYEWISKEY MOSQUERA PALACIOS
B43: Gerente ENERGUAVIARE S.A. ESP

Sheet 4,2 -USUARIOS BENEFICIADOS
B2: CONTRATO
B3: USUARIOS BENEFICIADOS
B4: ITEM | C4: PROYECTO | D4: CANTIDAD DE USUARIOS (SEGÚN LISTADOS) | E4: CANTIDAD DE USUARIOS (SEGÚN PRESUPUESTO) | F4: MUNICIPIO | G4: DEPARTAMENTO
B5: 1 | C5: Proyecto SISFV Arauca | D5: 105 | E5: 104 | F5: ARAUCA | G5: ARAUCA
B6: 2 | C6: Proyecto SISFV Arauquita | D6: 28 | E6: 28 | F6: ARAUQUITA | G6: ARAUCA
B7: 3 | C7: Proyecto SISFV Puerto Rondón | D7: 60 | E7: 60 | F7: PUERTO RONDON | G7: ARAUCA
B8: 4 | C8: Proyecto SISFV San Vicente Del Caguán (121 U) | D8: 122 | E8: 121 | F8: SAN VICENTE DEL CAGUÁN | G8: CAQUETÁ
B9: 5 | C9: Proyecto SISFV San Vicente Del Caguán (229 U) | D9: 230 | E9: 229 | F9: SAN VICENTE DEL CAGUÁN | G9: CAQUETÁ
B10: 6 | C10: Proyecto SISFV San Vicente Del Caguán (67 U) | D10: 67 | E10: 67 | F10: SAN VICENTE DEL CAGUÁN | G10: CAQUETÁ
B11: 7 | C11: Proyecto PCH Guacamayas | D11: 221 | E11: NO DEFINIDO | F11: SAN VICENTE DEL CAGUÁN | G11: CAQUETÁ
B12: 8 | C12: Proyecto Hibrido Miraflores | D12: =516+194 -> 710 | E12: NO DEFINIDO | F12: MIRAFLORES | G12: GUAVIARE
B13: 9 | C13: Proyecto SISFV Miraflores (Barranquillita) | D13: 112 | E13: 112 | F13: MIRAFLORES | G13: GUAVIARE
B14: 10 | C14: Proyecto SISFV Miraflores (Lagos Del Dorado) | D14: 98 | E14: 98 | F14: MIRAFLORES | G14: GUAVIARE
B15: 11 | C15: Proyecto SISFV San José Del Guaviare (115 U) | D15: 115 | E15: 115 | F15: SAN JOSE DEL GUAVIARE | G15: GUAVIARE
B16: 12 | C16: Proyecto SISFV San José Del Guaviare (492 U) | D16: 693 | E16: 492 | F16: SAN JOSE DEL GUAVIARE | G16: GUAVIARE
B17: 13 | C17: Proyecto Híbrido Concentrado San José Del Guaviare | D17: 99 | E17: 99 | F17: SAN JOSE DEL GUAVIARE | G17: GUAVIARE
B18: 14 | C18: Proyecto SISFV San José Del Guaviare (Tomachipan) | D18: 90 | E18: 90 | F18: SAN JOSE DEL GUAVIARE | G18: GUAVIARE
B19: 15 | C19: Proyecto SISFV San José Del Guaviare (281 U) | D19: 294 | E19: 281 | F19: SAN JOSE DEL GUAVIARE | G19: GUAVIARE
B20: 16 | C20: Proyecto Hibrido Taraira | D20: 49 | E20: NO DEFINIDO | F20: TARAIRA | G20: VAUPES
B21: TOTAL | D21: =SUM(D5:D20) -> 3093 | E21: =SUM(E5:E20) -> 1896

Sheet 4,7-CORREP-REUNIONES
B2: CONTRATO | H2: CONTRATO
B3: CORRESPONDENCIA RECIBIDA Y ENVIADA | H3: REUNIONES Y ACTAS REALIZADAS
B4: RADICADO | C4: FECHA RADICADO RECIBIDA | D4: FECHA RADICADO ENVIADA | E4: DESCRIPCION DE CONTENIDO | F4: OBSERVACIONES | H4: FECHA | I4: PARTICIPANTES | J4: DESCRIPCION DE CONTENIDO | K4: OBSERVACIONES
C5: 44627 | E5: Remisión de "Manual de imagen IPSE para contratistas" para efectos de Presentaciones y vallas informativas de proyectos en implementación | F5: Correo enviado por parte del supervisor NELSON MARIN RAMOS CUADROS <nelsonramos@ipse.gov.co> | H5: 44628 | I5: DAVID ANDRES GIRALDO UMBARILA, NELSON MARIN RAMOS CUADROS, JORGE ERNESTO VEGA SUAREZ, LEIDY RIVERA, OMAR BLANDON, EIDI YULIANA PEÑA LEÓN, LISBETH VILLA CARPIO, EDGAR RODRIGUEZ Y MARIBEL MONTERO. | J5: Se hablaron sobre diferentes aspectos referentes al contrato y los procesos contractuales. | K5: Correo enviado por parte del apoyo a la supervisión JORGE ERNESTO VEGA SUAREZ <jorgevega@ipse.gov.co>
C6: 44627 | E6: REVISIÓN IPSE AJUSTE DE USUARIOS C.I. 143 - 2021 | F6: Correo enviado por parte del apoyo a la supervisión JORGE ERNESTO VEGA SUAREZ <jorgevega@ipse.gov.co> | H6: 44642 | I6: DAVID ANDRES GIRALDO UMBARILA, NELSON MARIN RAMOS CUADROS, JORGE ERNESTO VEGA SUAREZ, LEIDY RIVERA, OMAR BLANDON, EIDI YULIANA PEÑA LEÓN, LISBETH VILLA CARPIO, EDGAR RODRIGUEZ Y MARIBEL MONTERO. | J6: Se hablaron sobre diferentes aspectos referentes al contrato y los procesos contractuales. | K6: Correo enviado por parte del apoyo a la supervisión JORGE ERNESTO VEGA SUAREZ <jorgevega@ipse.gov.co>
D7: 44627 | E7: Alcance Respuesta Rad. IPSE-20221520004231 y solicitud de ajuste al contrato interadministrativo | F7: Correo enviado por parte de PROYECTOS ENERGUAVIARE <proyectos@energuaviare.com.co>
D8: 44631 | E8: Borrador comunicados de prensa socialización - Hibridos 729 de 2021 | F8: Correo enviado por parte de PROYECTOS ENERGUAVIARE <proyectos@energuaviare.com.co>
D9: 44634 | E9: Correción borrador comunicados de prensa socialización - Hibridos 729 de 2021 | F9: Correo enviado por parte de PROYECTOS ENERGUAVIARE <proyectos@energuaviare.com.co>
C10: 44638 | E10: MODIFICACIÓN 2 - CONTRATO INT.143-2021 | F10: Correo enviado por parte del supervisor NELSON MARIN RAMOS CUADROS <nelsonramos@ipse.gov.co>
D11: 44643 | E11: Informe 03 - Contrato 143 de 2021 | F11: Correo enviado por parte de PROYECTOS ENERGUAVIARE <proyectos@energuaviare.com.co>

Sheet FASCP--MATRIZ
CA1: CONTRATO DE SUMINISTRO | CP1: ='3,2-CONTRA-SUMINISTRO'!C21 -> Fecha Venc. | CV1: ='3,2-CONTRA-SUMINISTRO'!D21 -> Vr. Asegurado | DB1: ='3,2-CONTRA-SUMINISTRO'!F20 -> INFORMACION DE PAGOS CONTRATO DE SUMINISTRO | DH1: AVANCE DEL CONTRATO
A2: ='FASCP-01A-IPSE'!A1 -> FONDO | B2: ='FASCP-01A-IPSE'!M2 -> CONTRATO No | C2: ='FASCP-01A-IPSE'!E9 -> Fecha del Informe: | D2: ='FASCP-01A-IPSE'!H9 -> Informe No. : | E2: ='FASCP-01A-IPSE'!A9 -> Código Proyecto: | F2: ='FASCP-01A-IPSE'!A6 -> Objeto del proyecto aprobado: | G2: ='FASCP-01A-IPSE'!A10 -> Reportado por: | H2: ='FASCP-01A-IPSE'!A11 -> Contratista | I2: ='FASCP-01A-IPSE'!F10 -> Municipio | J2: ='FASCP-01A-IPSE'!F11 -> Departamento: | K2: ='FASCP-01A-IPSE'!M9 -> ACTA COMITE No | L2: ='FASCP-01A-IPSE'!M10 -> Entidad Fiduciaria/Entidad Bancaria | M2: ='FASCP-01A-IPSE'!A12 -> Valor del contrato | N2: =+'FASCP-01A-IPSE'!M12 -> Valor Pagado Contrato | O2: ='FASCP-01A-IPSE'!H12 -> Valor Total Contrato | P2: ='FASCP-01A-IPSE'!A13 -> % PROGRAMADO DE EJECUCION DE OBRA DEL PROYECTO | Q2: ='FASCP-01A-IPSE'!E13 -> % PAGADO A LA FECHA | R2: ='FASCP-01A-IPSE'!G13 -> % AVANCE FISICO | S2: ='FASCP-01A-IPSE'!J13 -> PLAZO EJECUCION (meses) | T2: ='FASCP-01A-IPSE'!L13 -> PLAZO EJECUTADO | U2: ='FASCP-01A-IPSE'!O13 -> % EJECUCION DEL PLAZO | V2: ='FASCP-01A-IPSE'!I9 -> 2 | W2: ='FASCP-01A-IPSE'!H10 -> SAN JOSE DEL GUAVIARE | X2: ='FASCP-01A-IPSE'!A14 -> Diseños completos | Y2: ='FASCP-01A-IPSE'!C14 -> Planos completos | Z2: ='FASCP-01A-IPSE'!E14 -> Especificaciones técnicas | AA2: ='FASCP-01A-IPSE'!G14 -> Numero de Usuarios del Contrato | AB2: ='FASCP-01A-IPSE'!J14 -> Requiere Servidumbres | AC2: ='FASCP-01A-IPSE'!L14 -> Numero de Servidumbres suscritas | AD2: ='FASCP-01A-IPSE'!N14 -> Numero de Servidumbres pendientes | AE2: ='FASCP-01A-IPSE'!A15 -> Elaboración de pliegos de condiciones | AF2: ='FASCP-01A-IPSE'!C15 -> Fecha publicación de pliegos para contratos de Intalacion | AG2: ='FASCP-01A-IPSE'!G15 -> Fecha publicación pliegos contratos de suministro | AH2: ='FASCP-01A-IPSE'!J15 -> Fecha aprobación ofertas para contratos de obra | AI2: ='FASCP-01A-IPSE'!N15 -> Fecha aprobación ofertas para contratos de suministro | AJ2: ='FASCP-01A-IPSE'!A16 -> Revisión y aprobación de diseños, especificaciones y presupuesto | AK2: ='FASCP-01A-IPSE'!C16 -> Fecha de revisión y aprobación de diseños, especificaciones y presupuesto | AL2: ='FASCP-01A-IPSE'!E16 -> Requiere Permisos de Paso | AM2: ='FASCP-01A-IPSE'!G16 -> Numero de permisos suscritos (anexar) | AN2: ='FASCP-01A-IPSE'!J16 -> Numero de permisos pendientes | AO2: ='FASCP-01A-IPSE'!L16 -> Numero de Actas de socializacion suscritas (Anexar) | AP2: ='FASCP-01A-IPSE'!N16 -> Requiere Licencias ambientales | AQ2: ='FASCP-01A-IPSE'!A17 -> Numero de Licencias suscritas (Anexar) | AR2: ='FASCP-01A-IPSE'!C17 -> Numero de Licencias pendientes | AS2: ='FASCP-01A-IPSE'!E17 -> Requiere Plan de aprovechamiento Forestal | AT2: ='FASCP-01A-IPSE'!G17 -> Numero de Planes de aprovechamiento Forestal suscritos(anexar) | AU2: ='FASCP-01A-IPSE'!J17 -> Numero de Planes de aprovechamiento Forestal pendientes | AV2: ='FASCP-01A-IPSE'!L17 -> Requiere Permisos ambientales | AW2: ='FASCP-01A-IPSE'!N17 -> Numero de Permisos suscritos (Anexar) | AX2: ='FASCP-01A-IPSE'!A18 -> Numero de Permisos pendientes | AY2: ='FASCP-01A-IPSE'!C18 -> Requiere certificado RETIE(anexar) | AZ2: ='FASCP-01A-IPSE'!E18 -> Requiere certificado de conformidad RETIE (Anexar) | BA2: ='FASCP-01A-IPSE'!G18 -> Fecha de expedicion Certificado conformidad de RETIE | BB2: ='FASCP-01A-IPSE'!I18 -> Fecha de expedicion Certificado de RETIE | BC2: ='FASCP-01A-IPSE'!M18 -> Numero de certificaciones de Zonas de Alto Riesgo suscritas(anexar) | BD2: ='FASCP-01A-IPSE'!A19 -> Numero de certificaciones de Zonas de Alto Riesgo pendientes | BE2: ='FASCP-01A-IPSE'!C19 -> Requiere compra de predios | BF2: ='FASCP-01A-IPSE'!E19 -> Numero de predios comprados(anexar) | BG2: ='FASCP-01A-IPSE'!G19 -> Numero de predios pendientes | BH2: ='FASCP-01A-IPSE'!I19 -> Se requieren consultas previas | BI2: ='FASCP-01A-IPSE'!L19 -> Numero de consultas previas realizadas | BJ2: ='FASCP-01A-IPSE'!O19 -> Suscripcion del acta de Terminacion de la Etapa de Previa | BK2: ='FASCP-01A-IPSE'!A20 -> Actas de verificacion de usuarios | BL2: ='FASCP-01A-IPSE'!C20 -> Numero de Actas de verificación de usuarios suscritas (Anexar) | BM2: ='FASCP-01A-IPSE'!E20 -> Numero de Actas de verificación de usuarios pendientes (Anexar) | BN2: ='FASCP-01A-IPSE'!A21 -> USUARIOS BENEFICIADOS | BO2: ='FASCP-01A-IPSE'!A23 -> Capacidad usuarios | BP2: =+'FASCP-01A-IPSE'!N23 -> Total carga usuarios | BQ2: ='FASCP-01A-IPSE'!A23 -> Capacidad usuarios | BR2: ='FASCP-01A-IPSE'!D23 -> Numero de usuarios aprobados | BS2: ='FASCP-01A-IPSE'!G23 -> Numero de usuarios retirados | BT2: ='FASCP-01A-IPSE'!J23 -> Numero de usuarios sustituidos | BU2: ='FASCP-01A-IPSE'!L23 -> Total final usuarios Tipo 1 | BV2: ='FASCP-01A-IPSE'!N23 -> Total carga usuarios | BW2: ='FASCP-01A-IPSE'!A24 -> OBSERVACIONES Y COMENTARIOS SOBRE TODOS LOS ASPECTOS RELACIONADOS: | BX2: Desembolso MME (Acumulado) | BY2: Desembolso IPSE (Acumulado) | BZ2: Saldo por Desembolsar MME (Acumulado) | CA2: ='3,2-CONTRA-SUMINISTRO'!F7 -> Contrato de Suministro No. | CB2: ='3,2-CONTRA-SUMINISTRO'!A10 -> Contratista Suministro: | CC2: ='3,2-CONTRA-SUMINISTRO'!A11 -> Objeto Contrato de Suministro: | CD2: ='3,2-CONTRA-SUMINISTRO'!A17 -> Plazo Contrato (Meses) | CE2: ='3,2-CONTRA-SUMINISTRO'!E17 -> Fecha firma contrato (dd/mm/aa) | CF2: ='3,2-CONTRA-SUMINISTRO'!J17 -> Fecha Acta de Inicio (dd/mm/aa) | CG2: ='3,2-CONTRA-SUMINISTRO'!N17 -> Fecha de finalización (dd/mm/aa) | CH2: ='3,2-CONTRA-SUMINISTRO'!N18 -> Fecha finalización vigente (dd/mm/aa) | CI2: ='3,2-CONTRA-SUMINISTRO'!E18 -> Suspensiones en meses | CJ2: ='3,2-CONTRA-SUMINISTRO'!J18 -> Prorrogas en meses | CK2: ='3,2-CONTRA-SUMINISTRO'!A19 -> Valor Contrato: | CL2: ='3,2-CONTRA-SUMINISTRO'!F19 -> Valor adición: | CM2: ='3,2-CONTRA-SUMINISTRO'!L19 -> Valor Total: | CN2: ='3,2-CONTRA-SUMINISTRO'!A20 -> Aseguradora Contrato de Suministro | CO2: ='3,2-CONTRA-SUMINISTRO'!C20 -> No Poliza | CP2: ='3,2-CONTRA-SUMINISTRO'!A22 -> Cumplimiento | CQ2: ='3,2-CONTRA-SUMINISTRO'!A23 -> Buen Manejo del Anticipo | CR2: ='3,2-CONTRA-SUMINISTRO'!A24 -> Calidad y correcto funcionamiento | CS2: ='3,2-CONTRA-SUMINISTRO'!A25 -> Pago Salarios y Prestaciones | CT2: ='3,2-CONTRA-SUMINISTRO'!A26 -> Responsabilidad Civil Extracontractual | CU2: ='3,2-CONTRA-SUMINISTRO'!A27 -> Otra? Cual _____________________ | CV2: ='3,2-CONTRA-SUMINISTRO'!A22 -> Cumplimiento | CW2: ='3,2-CONTRA-SUMINISTRO'!A23 -> Buen Manejo del Anticipo | CX2: ='3,2-CONTRA-SUMINISTRO'!A24 -> Calidad y correcto funcionamiento | CY2: ='3,2-CONTRA-SUMINISTRO'!A25 -> Pago Salarios y Prestaciones | CZ2: ='3,2-CONTRA-SUMINISTRO'!A26 -> Responsabilidad Civil Extracontractual | DA2: ='3,2-CONTRA-SUMINISTRO'!A27 -> Otra? Cual _____________________ | DB2: ='3,2-CONTRA-SUMINISTRO'!F23 -> Vr. Total pagado Actas | DC2: ='3,2-CONTRA-SUMINISTRO'!F24 -> Saldo por pagar Contrato | DD2: ='3,2-CONTRA-SUMINISTRO'!F25 -> Vr. Anticipo | DE2: ='3,2-CONTRA-SUMINISTRO'!F26 -> Total amortizado anticipo | DF2: ='3,2-CONTRA-SUMINISTRO'!F27 -> Saldo por amortizar anticipo | DG2: ='3,2-CONTRA-SUMINISTRO'!F28 -> Porcentaje pagado | DH2: ='3,2-CONTRA-SUMINISTRO'!A29 -> Diseños completos | DI2: ='3,2-CONTRA-SUMINISTRO'!C29 -> Planos completos | DJ2: ='3,2-CONTRA-SUMINISTRO'!E29 -> Especificaciones técnicas | DK2: ='3,2-CONTRA-SUMINISTRO'!J29 -> Fecha de Acta de Recibo del contrato de suministro | DL2: ='3,2-CONTRA-SUMINISTRO'!N29 -> Fecha de Acta de liquidacion contrato de suministro | DM2: ='3,2-CONTRA-SUMINISTRO'!A55 -> VALOR PROGRAMADO A LA FECHA | DN2: ='3,2-CONTRA-SUMINISTRO'!E55 -> VR. EJECUTADO A LA FECHA | DO2: ='3,2-CONTRA-SUMINISTRO'!H55 -> % PROGRAMADO A LA FECHA | DP2: ='3,2-CONTRA-SUMINISTRO'!L55 -> % EJECUTADO A LA FECHA | DQ2: ='3,2-CONTRA-SUMINISTRO'!O55 -> ATRASO % | DR2: ='3,2-CONTRA-SUMINISTRO'!A57 -> Resumen estado de avance fisiCo y financiero actual del contrato de suministro . Si no se va a ejecutar cuales son las causas? | DS2: ='3,2-CONTRA-SUMINISTRO'!A64 -> Recomendaciones sobre la continuidad o no de las obras o forma de solucionar inconvenientes observados | DT2: ='3,2-CONTRA-SUMINISTRO'!A86 -> Replanteos, Avances, retrasos, decisiones y compromisos con el contratista y el interventor | DU2: ='3,2-CONTRA-SUMINISTRO'!A98 -> Se realizan comites del Contrato y se encuentran debidamente documentadas? | DV2: ='3,2-CONTRA-SUMINISTRO'!A99 -> Se da cumplimiento a las Normas de salud Ocupacional y Seguridad Industrial? | DW2: ='3,2-CONTRA-SUMINISTRO'!A100 -> Logros y dificultades aspectos administrativos jurídicos, técnicos o financieros o de liquidacion del contrato (solo mencione aquellos en los que hayan aspectos relevantes): | DX2: ='3,2-CONTRA-SUMINISTRO'!A110 -> Logros y dificultades encontradas para la Certificacion RETIE o certificado de conformidad:
A3: ='FASCP-01A-IPSE'!B1 -> IPSE | B3: ='FASCP-01A-IPSE'!M3 -> CONTRATO IPSE No. 143 DE 2021 | C3: ='FASCP-01A-IPSE'!F9 -> 44607 | D3: =+'FASCP-01A-IPSE'!I9 -> 2 | E3: ='FASCP-01A-IPSE'!B9 -> N/A | F3: ='FASCP-01A-IPSE'!A7 -> DESARROLLAR E IMPLEMENTAR SOLUCIONES INDIVIDUALES SOLARES FOTOVOLTAICAS – SISFV PARA LA AMPLIACIÓN DE COBERTURA, E IMPLEMENTAR PROYECTOS ENERGÉTICOS SOSTENIBLES CENTRALIZADOS DE TIPO HÍBRIDO, Y MEJORAR LAS CENTRALES DE GENERACIÓN EN LAS COMUNIDADES RURALES DISPERSAS DE LA ZNI EN LOS DEPARTAMENTOS DE ARAUCA, CAQUETÁ, GUAVIARE Y VAUPÉS | G3: ='FASCP-01A-IPSE'!B10 -> DYEWISKEY MOSQUERA PALACIOS | H3: ='FASCP-01A-IPSE'!B11 -> ENERGUAVIARE S.A. E.S.P. | I3: =+'FASCP-01A-IPSE'!H10 -> SAN JOSE DEL GUAVIARE | J3: ='FASCP-01A-IPSE'!H11 -> GUAVIARE | K3: ='FASCP-01A-IPSE'!O9 -> 0 | L3: ='FASCP-01A-IPSE'!O10 -> FIDUCIARIA BOGOTÁ S.A. | M3: ='FASCP-01A-IPSE'!B12 -> 59883792796 | N3: =+'FASCP-01A-IPSE'!O12 -> 20913187949 | O3: ='FASCP-01A-IPSE'!B12 -> 59883792796 | P3: ='FASCP-01A-IPSE'!B13 -> 1 | Q3: ='FASCP-01A-IPSE'!F13 -> 0.34922952 | R3: ='FASCP-01A-IPSE'!H13 -> 0 | S3: ='FASCP-01A-IPSE'!K13 -> 7.9 | T3: ='FASCP-01A-IPSE'!N13 -> 2 | U3: ='FASCP-01A-IPSE'!P13 -> 0.25316456 | V3: ='FASCP-01A-IPSE'!L9 -> 0 | W3: ='FASCP-01A-IPSE'!L10 -> 0 | X3: ='FASCP-01A-IPSE'!B16 -> SI | Y3: ='FASCP-01A-IPSE'!D14 -> SI | Z3: ='FASCP-01A-IPSE'!F14 -> SI | AA3: ='FASCP-01A-IPSE'!I14 -> 2109 | AB3: ='FASCP-01A-IPSE'!K14 -> NO | AC3: ='FASCP-01A-IPSE'!M14 -> N/A | AD3: ='FASCP-01A-IPSE'!P14 -> N/A | AE3: ='FASCP-01A-IPSE'!B15 -> SI | AF3: ='FASCP-01A-IPSE'!D15 -> 14/12/2021 - 15/12/2021 | AG3: ='FASCP-01A-IPSE'!H15 -> 17/12/2021 - 20/12/2021 | AH3: ='FASCP-01A-IPSE'!K15 -> 44602 | AI3: ='FASCP-01A-IPSE'!P15 -> 44602 | AJ3: ='FASCP-01A-IPSE'!B16 -> SI | AK3: ='FASCP-01A-IPSE'!D16 -> 44550 | AL3: ='FASCP-01A-IPSE'!F16 -> 0 | AM3: ='FASCP-01A-IPSE'!I16 -> 0 | AN3: ='FASCP-01A-IPSE'!K16 -> 0 | AO3: ='FASCP-01A-IPSE'!M16 -> 8 | AP3: ='FASCP-01A-IPSE'!P16 -> NO | AQ3: ='FASCP-01A-IPSE'!B17 -> N/A | AR3: ='FASCP-01A-IPSE'!D17 -> N/A | AS3: ='FASCP-01A-IPSE'!F17 -> N/A | AT3: ='FASCP-01A-IPSE'!I17 -> N/A | AU3: ='FASCP-01A-IPSE'!K17 -> N/A | AV3: ='FASCP-01A-IPSE'!M17 -> NO APLICA - DECRETO ÚNICO 1076 | AW3: ='FASCP-01A-IPSE'!P17 -> N/A | AX3: ='FASCP-01A-IPSE'!B18 -> 0 | AY3: ='FASCP-01A-IPSE'!D18 -> 0 | AZ3: ='FASCP-01A-IPSE'!D19 -> NO | BA3: ='FASCP-01A-IPSE'!H18 -> 0 | BB3: ='FASCP-01A-IPSE'!K18 -> 0 | BC3: ='FASCP-01A-IPSE'!P18 -> 0 | BD3: ='FASCP-01A-IPSE'!B19 -> 0 | BE3: ='FASCP-01A-IPSE'!D19 -> NO | BF3: ='FASCP-01A-IPSE'!F19 -> NO | BG3: ='FASCP-01A-IPSE'!H19 -> NO | BH3: ='FASCP-01A-IPSE'!K19 -> 0 | BI3: ='FASCP-01A-IPSE'!N19 -> 0 | BJ3: ='FASCP-01A-IPSE'!P19 -> 0 | BK3: ='FASCP-01A-IPSE'!B20 -> 0 | BL3: ='FASCP-01A-IPSE'!D20 -> 0 | BM3: ='FASCP-01A-IPSE'!F20 -> 0 | BN3: ='FASCP-01A-IPSE'!B21 -> 0 | BO3: ='FASCP-01A-IPSE'!B22 -> (W) | BP3: ='FASCP-01A-IPSE'!P22 -> (W) | BQ3: ='FASCP-01A-IPSE'!B23 -> 0 | BR3: ='FASCP-01A-IPSE'!F23 -> 0 | BS3: ='FASCP-01A-IPSE'!I23 -> 0 | BT3: ='FASCP-01A-IPSE'!K23 -> 0 | BU3: ='FASCP-01A-IPSE'!M23 -> 0 | BV3: ='FASCP-01A-IPSE'!P23 -> 0 | BW3: ='FASCP-01A-IPSE'!B24 -> 0 | BX3: ='2,1-BALANCES FINANCIEROS'!G14 -> 20913187949 | BY3: ='2,1-BALANCES FINANCIEROS'!P14 -> 0 | BZ3: ='2,1-BALANCES FINANCIEROS'!I14 -> 38970604847 | CA3: ='3,2-CONTRA-SUMINISTRO'!H7 -> 0 | CB3: ='3,2-CONTRA-SUMINISTRO'!F10 -> 0 | CC3: ='3,2-CONTRA-SUMINISTRO'!A12 -> 0 | CD3: ='FASCP-01D-CONTRA-SUMINISTRO'!C17 | CE3: ='3,2-CONTRA-SUMINISTRO'!H17 -> 0 | CF3: ='3,2-CONTRA-SUMINISTRO'!L17 -> 0 | CG3: ='3,2-CONTRA-SUMINISTRO'!P17 -> 0 | CH3: ='3,2-CONTRA-SUMINISTRO'!P18 -> 0 | CI3: ='3,2-CONTRA-SUMINISTRO'!H18 -> 0 | CJ3: ='3,2-CONTRA-SUMINISTRO'!L18 -> 0 | CK3: ='3,2-CONTRA-SUMINISTRO'!C19 -> 0 | CL3: ='3,2-CONTRA-SUMINISTRO'!H19 -> 0 | CM3: ='3,2-CONTRA-SUMINISTRO'!M19 -> 0 | CN3: ='3,2-CONTRA-SUMINISTRO'!A21 -> SURAMERICANA | CO3: ='3,2-CONTRA-SUMINISTRO'!D20 -> 0 | CP3: ='3,2-CONTRA-SUMINISTRO'!C22 -> 0 | CQ3: ='3,2-CONTRA-SUMINISTRO'!C23 -> 0 | CR3: ='3,2-CONTRA-SUMINISTRO'!C24 -> 0 | CS3: ='3,2-CONTRA-SUMINISTRO'!C25 -> 0 | CT3: ='3,2-CONTRA-SUMINISTRO'!C26 -> 0 | CU3: ='3,2-CONTRA-SUMINISTRO'!C27 -> 0 | CV3: ='3,2-CONTRA-SUMINISTRO'!D22 -> 0 | CW3: ='3,2-CONTRA-SUMINISTRO'!D23 -> 0 | CX3: ='3,2-CONTRA-SUMINISTRO'!D24 -> 0 | CY3: ='3,2-CONTRA-SUMINISTRO'!D25 -> 0 | CZ3: ='3,2-CONTRA-SUMINISTRO'!D26 -> 0 | DA3: ='3,2-CONTRA-SUMINISTRO'!D27 -> 0 | DB3: ='3,2-CONTRA-SUMINISTRO'!J23 -> 0 | DC3: ='3,2-CONTRA-SUMINISTRO'!J24 -> 0 | DD3: ='3,2-CONTRA-SUMINISTRO'!J25 -> 0 | DE3: ='3,2-CONTRA-SUMINISTRO'!J26 -> 0 | DF3: ='3,2-CONTRA-SUMINISTRO'!J27 -> 0 | DG3: ='3,2-CONTRA-SUMINISTRO'!J28 -> #DIV/0! | DH3: ='3,2-CONTRA-SUMINISTRO'!B29 -> 0 | DI3: ='3,2-CONTRA-SUMINISTRO'!D29 -> 0 | DJ3: ='3,2-CONTRA-SUMINISTRO'!F29 -> 0 | DK3: ='3,2-CONTRA-SUMINISTRO'!L29 -> 0 | DL3: ='3,2-CONTRA-SUMINISTRO'!P29 -> 0 | DM3: ='3,2-CONTRA-SUMINISTRO'!A56 -> 0 | DN3: ='3,2-CONTRA-SUMINISTRO'!E56 -> 0 | DO3: ='3,2-CONTRA-SUMINISTRO'!H56 -> 0 | DP3: ='3,2-CONTRA-SUMINISTRO'!L56 -> #DIV/0! | DQ3: ='3,2-CONTRA-SUMINISTRO'!O56 -> 0 | DR3: ='3,2-CONTRA-SUMINISTRO'!A58 -> 0 | DS3: ='3,2-CONTRA-SUMINISTRO'!A65 -> 0 | DT3: ='3,2-CONTRA-SUMINISTRO'!A87 -> 0 | DU3: ='3,2-CONTRA-SUMINISTRO'!P98 -> 0 | DV3: ='3,2-CONTRA-SUMINISTRO'!P99 -> 0 | DW3: ='3,2-CONTRA-SUMINISTRO'!A101 -> 0 | DX3: ='3,2-CONTRA-SUMINISTRO'!A112 -> 0

Sheet  TÉCNICO 
A1: ASPECTO TÉCNICO
A2: ACTIVIDADES RELEVANTES REALIZADAS
A3: se realizaron las visitas de en los municipio de miraflores, taraira (Vaupés) y puerto cachicamo. En en cada uno de los municipios se realizó el registro del estado actual de las instalaciones locativas (cuviles, electricas, mecanicas y de control), asi mismo, el levantamiento de las casetas de la central de generacion, levantamiento de los equipos, tableros tranformadores, etc, adicionalmente se realizaron apiques para la toma de muestra del suelo con el fin de obtener la informacion necesaria para el estudio de este.
A8: PERSONAL DE OBRA | G8: MAQUINARIA Y EQUIPOS EN OBRA
A9: Recurso Técnico | C9: Cant | D9: HORAS HOMBRE | G9: Recursos Equipos | I9: Cant | J9: HORAS M Y EQUIPOS
D10: H.H.D | E10: HHT | F10: HHA | J10: H.MYE.T.D | K10: H.MYE.T.M | L10: H.MYE.A
A11: Director general | C11: 1 | D11: 24 | E11: 24 | F11: 48 | G11: Equipo de topografia | I11: 1 | J11: 12 | K11: 12 | L11: 24
A12: Director obra civil | C12: 1 | D12: 24 | E12: 24 | F12: 48 | G12: Equipo GPS | I12: 1 | J12: 4 | K12: 4 | L12: 8
A13: Interventor | C13: 1 | D13: 24 | E13: 24 | F13: 48
A14: Coordinador de interventoria | C14: 1 | D14: 24 | E14: 24 | F14: 48
A15: Coordinador de proyecto | C15: 1 | D15: 24 | E15: 24 | F15: 48
A18: Total Personal Obra Contratista | C18: =SUM(C11:C17) -> 5 | G18: Total de Maquinaria y Equipos en Obra Contratista | I18: =SUM(I11:I17) -> 2
A19: Total HHT Contratista | E19: =SUM(E11:E18) -> 120 | F19: =SUM(F11:F18) -> 240 | G19: Total Horas Maquinaria y Equipos Contratista | K19: =SUM(K11:K17) -> 16 | L19: =SUM(L11:L17) -> 32
A20: TIEMPO PERDIDO | I20: OBSERVACIÓN: No hubo pérdida de horas
A21: CONCEPTO | D21: Inicio | E21: Fin | F21: H.H.D | G21: H.H.T | H21: H.H.A
A22: AFECTACIÓN POR LLUVIA | D22: NA | E22: NA
A23: TORMENTAS ELÉCTRICAS | D23: NA | E23: NA
A24: PAROS LABORALES | D24: NA | E24: NA
A25: Otras Cuales? | D25: NA | E25: NA
A26: Total de Horas Perdidas | F26: =SUM(F22:F25) -> 0 | G26: =SUM(G22:G25) -> 0 | H26: =SUM(H22:H25) -> 0
A27: SEGUIMIENTO AL PLAN DE CALIDAD
A28: CONCEPTO | G28: ENTREGABLE
A37: OBSERVACIONES GENERALES DEL CONTRATISTA | G37: OBSERVACIONES GENERALES DE LA INTERVENTORÍA
A38: Se realizaron las visitas técnicas iniciales a cada una de las localidades del proyecto, respectivamente Miraflores, Taraira y Puerto Cachicamo. Se tomaron los datos técnicos necesarios en las Centrales de Generación existentes en las localidades de Miraflores, Taraira y Cachicamo, necesarios para la realización del Replanteo. Se realizaron las visitas del Replanteo en las localidades de Miraflores, Taraira y Cachicamo. Se realizaron las socializaciones a la comunidad en las localidades de Taraira y Puerto Cachicamo. Se instalaron las Vallas de información del proyecto, en cada una de las tres localidades del proyecto. Se realizó la etapa de planificación del proyecto. | G38: Se realizaron las visitas técnicas iniciales a cada una de las localidades del proyecto, respectivamente Miraflores, Taraira y Puerto Cachicamo. Se tomaron los datos técnicos necesarios en las Centrales de Generación existentes en las localidades de Miraflores, Taraira y Cachicamo, necesarios para la realización del Replanteo. Se realizaron las visitas del Replanteo en las localidades de Miraflores, Taraira y Cachicamo. Se realizaron las socializaciones a la comunidad en las localidades de Taraira y Puerto Cachicamo. Se instalaron las Vallas de información del proyecto, en cada una de las tres localidades del proyecto. Se realizó la etapa de planificación del proyecto.

Sheet RSC
A1: SEGUIMIENTO GESTIÓN SOCIAL
A2: ACTIVIDADES RELEVANTES DE LA GESTIÓN SOCIAL
A3: No. | B3: TIPO DE ACTIVIDAD | E3: FECHA | F3: LUGAR | G3: OBJETIVO DE LA ACTIVIDAD | I3: REGISTRO DE LA ACTIVIDAD | K3: DESCRIPCIÓN DE LA ACTIVIDAD
A4: 1 | B4: Empalme Inicio de Actividades con funcionarios de la Alcaldía del Municipio de Miraflores Guaviare. | E4: 44628 | F4: Alcaldía Miraflores Guaviare | G4: Presentación proyecto a Ente Territorial | I4: Acta No. 01, Evidencias Fotográficas, Listado de Asistencia | K4: Se realizó por parte del contratista la presentación del equipo para el inicio de las actividades, presentación de cada una de las etapas del proyecto y solicitud de apoyo para la gestión.
A5: 2 | B5: Socialización del proyecto con la Comunidad de Cachicamo, Municipio de San José del Guaviare. | E5: 44644 | F5: Salón Comunal Localidad de Cachicamo | G5: Establecer y concertar compromisos de la comunidad, la Entidad Territorial y Energuaviare. | I5: Acta de socialización, Evidencias fotográficas, listado de Asistencia | K5: La reunión se estructura en cuatro momentos:1. apertura de la reunión, 2. momento plenario (presentación del proyecto), 3: momento participativo con la comunidad preguntas y respuestas y 4: momento plenario (presentación de cada uno de los actores).
A6: 3 | B6: Conformación Veeduría Ciudadana con al comunidad de Cachicamo, Municipio de San José del Guaviare. | E6: 44644 | F6: Salón Comunal Localidad de Cachicamo | G6: Conformación Veeduría Ciudadana, según los lineamientos de la Ley 850 de 2003 y la Ley 1757 de 2015. | I6: Acta, listado de asistencia | K6: Se elije democráticamente las veedoras y los veedores que ejerzan control y vigilancia sobre las obras a desarrollar.
A7: 4 | B7: Socialización del proyecto con la comunidad del Municipio de Taraira, departamento del Meta. | E7: 44645 | F7: Polideportivo, Taraira Vaupés | G7: Establecer y concertar compromisos de la comunidad, la Entidad Territorial y Energuaviare. | I7: Acta de socialización, Evidencias fotográficas, listado de Asistencia | K7: La reunión se estructura en cuatro momentos:1. apertura de la reunión, 2. momento plenario (presentación del proyecto), 3: momento participativo con la comunidad preguntas y respuestas y 4: momento plenario (presentación de cada uno de los actores).
A8: 5 | B8: Conformación Veeduría Ciudadana con al comunidad del Municipio de Taraira, Departamento del Vaupés. | E8: 44645 | F8: Polideportivo, Taraira Vaupés | G8: Conformación Veeduría Ciudadana, según los lineamientos de la Ley 850 de 2003 y la Ley 1757 de 2015. | I8: Acta, listado de asistencia | K8: Se elije democráticamente las veedoras y los veedores que ejerzan control y vigilancia sobre las obras a desarrollar.
A11: PARTICIPACIÓN CON LA COMUNIDAD
A12: No. DE REUNIONES DE INICIO | C12: No. PARTICIPANTES EN LAS REUNIONES DE INICIO | E12: No. REUNIONES ACUMULADOS | G12: No. PARTICIPANTES ACUMULADOS REUNIONES DE INICIO | H12: No.REUNIONES DE CIERRE | I12: No. PARTICIPANTES REUNIONES DE CIERRE | K12: No. REUNIONES ACUMULADOS DE CIERRE | M12: No. PARTICIPANTES ACUMULADOS REUNIONES DE CIERRE
A13: 3 | C13: 98
A14: No. PERMISOS DE PASO | C14: 0 | E14: No. SERVIDUMBRES | G14: 0 | I14: No. PAZ Y SALVOS PERMISOS DE PASO | L14: No. PAZ Y SALVO SERVIDUMBRE
A16: ATENCIÓN A LA COMUNIDAD
A17: No. QUEJAS PRESENTADAS | B17: Realización de Socialización y Capacitación de Usuarios | D17: No. QUEJAS EN TRAMITE | F17: No. QUEJAS CERRADAS | H17: No. QUEJAS PRESENTADAS ACUMULADAS | I17: No. QUEJAS ABIERTAS ACUMULADAS | K17: No. QUEJAS EN TRAMITE ACUMULADAS | M17: No. QUEJAS CERRADAS ACUMULADAS
A18: 0 | D18: 0 | H18: 0
A20: CONTRATACIÓN MANO DE OBRA
A21: MOC LOCAL | C21: MONC LOCAL | E21: MOC LOCAL ACUMULADA | G21: MONC LOCAL ACUMULADO | I21: TOTAL LOCAL | K21: OBSERVACIONES
A22: 3 | I22: 3
A23: MOC FORÁNEA | C23: MONC FORÁNEA | E23: MOC FORÁNEA ACUMULADA | G23: MONC FORÁNEA ACUMULADA | I23: TOTAL FORÁNEA | K23: OBSERVACIONES
A26: OBSERVACIONES: Teniendo en cuenta que el proyecto se encuentra en la primera etapa de ejecución se encuentran campos sin diligenciar dado que no hay información.

Sheet SST
A1: SEGUIMIENTO ASPECTO DE SEGURIDAD Y SALUD EN EL TRABAJO
A2: ESPACIO PARA SER DILIGENCIADO POR EL CONTRATISTA
A3: TOTAL DE HHT EN EL MES | C3: 1240 | E3: TOTAL HHT ACOMULADAS EN EL PROYECTO | G3: 1240 | H3: FECHA DE CORTE | I3: 31 | J3: 3 | K3: 22
A5: INCIDENTALIDAD
A6: DESCRIPCIÓN | C6: No. DE CASOS | D6: ACOMULADOS (Proyecto) | E6: DESCRIPCIÓN DEL EVENTO | I6: SEGUIMIENTO
A7: INCIDENTES CON LESIÓN | C7: 0 | D7: 0 | E7: N/A | I7: N/A
A8: INCITENTES SIN LESIÓN | C8: 0 | D8: 0 | E8: N/A | I8: N/A
A9: REPORTE DE ACTOS Y CONDICIONES INSEGURAS | C9: 0 | D9: 0 | E9: N/A | I9: N/A
A11: AUSENTISMO
A12: POR ENFERMEDAD COMÚN | C12: 0 | D12: POR PERMISO | E12: 0 | G12: POR CALAMIDAD DOMESTICA | I12: 0
A13: OTRAS | C13: 0 | D13: CUAL (ES) | E13: NINGUNA
A14: NOMBRE | C14: FECHA DE INICIO | D14: FECHA FINAL | E14: No. DÍAS | G14: MOTIVO
A15: N/A | C15: N/A | D15: N/A | E15: N/A | G15: N/A
A16: N/A | C16: N/A | D16: N/A | E16: N/A | G16: N/A
A18: CAPACITACIONES
A19: FECHA DE CAPACITACIÓN | B19: TEMA DE LA CAPACITACIÓN | E19: No. PERSONAS PROGRAMADAS | G19: No. PERSONAS ASISTENTES | H19: DURACIÓN EN HRS | I19: OBSERVACIONES
A20: 44621 | B20: Seguridad vial. Prevención de accidentes de tránsito, aéreos y fluviales | E20: 6 | G20: 5 | H20: 2 HRS | I20: NINGUNA
A21: 44624 | B21: Socialización manual del viajero seguro | E21: 6 | G21: 5 | H21: 2 HRS | I21: NINGUNA
A22: 44627 | B22: Riesgo salud pública (prevención de contagio de COVID ) | E22: 6 | G22: 4 | H22: 2 HRS | I22: NINGUNA
A23: INDUCCIÓN Y REINDUCCIÓN
A24: FECHA DE INGRESO | B24: NOMBRE DEL TRABAJADOR | D24: CEDULA | E24: CARGO | G24: EPS | H24: ARL | I24: OBSERVACIONES
A25: 44317 | B25: Fabio Sanchez | D25: 1057584383 | E25: Director de Proyectos | G25: Sanitas | H25: Bolivar | I25: Ninguna
A26: 44370 | B26: Fernando Peña | D26: 12266613 | E26: Coordinador de Proyectos | G26: Sura | H26: Bolivar | I26: Ninguna
A27: 44599 | B27: Paula Jimenez | D27: 1052414830 | E27: Analista SST | G27: Coosalud | H27: Bolivar | I27: Ninguna
A28: 44426 | B28: Steffany Suarez | D28: 1018433153 | E28: Profesional Social | G28: Sanitas | H28: Bolivar | I28: Ninguna
A29: 44519 | B29: Laura Torres | D29: 1143867823 | E29: Coordibador SST | G29: Sanitas | H29: Bolivar | I29: Ninguna
A30: 44621 | B30: Kurt Tschmelitsch | D30: 522148 | E30: Residente de Obra civil | G30: Sura | H30: Bolivar | I30: Ninguna
A31: 44409 | B31: Monica Romero | D31: 76906611 | E31: Contadora | G31: sos | H31: Bolivar | I31: Ninguna
A32: FECHA | B32: TEMA | E32: No. PERSONAS ASISTENTES | G32: DURACIÓN | H32: LUGAR | I32: OBSERVACIONES
I33: No aplica Charlas diarias para el mes de marzo , ya que aun no se generan trabajos en obra aun
I34: No aplica Charlas diarias para el mes de marzo , ya que aun no se generan trabajos en obra aun
I35: No aplica Charlas diarias para el mes de marzo , ya que aun no se generan trabajos en obra aun
A37: INSPECCIONES
A38: FECHA | B38: TIPO DE INSPECCIÓN REALIZADA | E38: HALLAZGOS | I38: OBSERVACIONES
A39: 44630 | B39: Inspeccion de Elementos de Emergencia ( Botiquin) | E39: Ninguna | I39: Ninguna
A40: 44630 | B40: Inspeccion de Elementos de Emergencia (Camilla ) | E40: Ninguna | I40: Ninguna
A41: 44635 | B41: Inspeccion de Extintores | E41: Ninguna | I41: Ninguna
A42: SUBPROGRAMA DE MEDICINA PREVENTIVA
A43: No. PRUEBAS DE ALCOHOLEMIA REALIZADAS | C43: 0 | D43: No. PRUEBAS POSITIVAS | E43: 0 | G43: No. PRUEBAS NEGATIVAS | H43: 0 | I43: OBSERVACIONES | J43: 0
A44: OTRAS ACTIVIDADES
A45: ACTIVIDAD | G45: REGISTRO | I45: OBSERVACIONES
A46: Ninguna | G46: Ninguna | I46: Ninguna

Sheet 10.6.10 PAPSO
E1: SISTEMA DE GESTIÓN DE SEGURIDAD Y SALUD EN EL TRABAJO | AD1: CÓDIGO: FT-SST-44
AD2: VERSIÓN: 02
E3: INFORME DE SEGUIMIENTO PAPSO PARA CONTRATISTAS | AD3: FECHA DE ACTUALIZACIÓN: 08/03/2021
A5: I. INFORMACIÓN DEL PROYECTO
A6: PERIODO REPORTADO: | C6: 1 | D6: 3 | E6: 2022 | F6: AL | H6: 31 | I6: 3 | J6: 2022 | K6: INFORME No. | L6: 2 | M6: CONTRATISTA DE OBRA: | Q6: Consorcio Guaviare Sostenible | V6: UBICACIÓN DEL PROYECTO: | Y6: DEPARTAMENTOS ( GUAVIARE- VAUPES ) | AD6: CONTRATO No.
A7: OBJETO DE CONTRATO:
A9: En atención al Decreto Legislativo No. 539 del 13 de abril de 2020, Circular Conjunta N° 0000003 del 8 de abril del 2020, Circular Conjunta 001 del 11 de abril del 2020, Resolución 0000666 de 2020 y Resolución 0000223 del 25 de febrero de 2021, donde se implementan las medidas preventivas y de mitigación para reducir la exposición y contagio de COVID-19, para personal que labora en los proyectos de obras de infraestructuras o edificaciones públicas.
A11: II. ACTIVIDADES PREVENTIVAS REALIZADAS POR EL CONTRATISTA | T11: III. ACTIVIDADES PREVENTIVAS REALIZADAS POR LA INTERVENTORIA
A12: DESCRIPCIÓN DE LA MEDIDA EMPLEADA | H12: REGISTRO FOTOGRÁFICO | T12: DESCRIPCIÓN DE LA MEDIDA EMPLEADA | AA12: REGISTRO FOTOGRÁFICO
A14: 1. Capacitaciones: Con el objetivo de prevenir la ocurrencia de accidentes de trabajo y enfermedades laborales durante el mes de marzo, se realizaron las siguientes capacitaciones de acuerdo al plan establecido para el proyecto y mencionadas en el informe: Seguridad vial prevencion de accidentes de transito aereos y fluviales, Socializacion manual del viajero seguro, Riesgo saalud publica (prevencion de contagio de COVID-19) | U14: 1. Capacitaciones del mes de Marzo
H22: Fotografía 1: Fecha: | O22: Fotografía 2: Fecha: | AB22: Fotografía 15: Fecha:
A24: 2. Componente Ambiental: Desde el componente ambiental durante el mes de marzo se realizo la solicitud a parques nacionales con el objetivo de obtener el concepto de viabilidad para la ejecución del proyecto, la respuesta suministrada de la entidad ambiental sobre la solicitud es que el área de influencia del proyecto no se encuentra en una zona de conflicto con áreas protegidas o reservas naturales (Concepto Ambiental) Además de lo anterior, dando alcance al cumplimiento de los requisitos normativos, las instalaciones del consorcio Guaviare sostenible cuenta con un punto ecológico de acuerdo con la codificación de colores establecida por el ministerio de ambiente y desarrollo sostenible, lo anterior con el objetivo de realizar una correcta separación y disposición de los residuos generando el menor impacto a el medio ambiente
H32: Fotografía 3: Fecha: | O32: Fotografía 4: Fecha: | AB32: Fotografía 16: Fecha:
A34: 3. Seguimiento a las Condiciones de salud de los Trabajadores (Internos y Externos) Para disminuir el contagio del virus COVID 19 en la organización se ha establecido de manera segura estos requerimientos _Examen ocupacional de ingreso y egreso -Afiliación al sistema de seguridad social _La importancia del autocuidado en sus areas de trabajo | U34: 3. Seguimiento a las Condiciones de salud de los Trabajadores (Internos y Externos).
H42: Fotografía 5: Fecha: | O42: Fotografía 6: Fecha: | AB42: Fotografía 17: Fecha:
A44: 4. Seguimiento a la limpieza y desinfección de Manos: Se realiza capacitacion de Riesgo salud publica prevencion de contagio de COVID-19 dando cumplimiento al plan de capacitaciones presentado | U44: 4. Seguimiento a la limpieza y desinfección de Manos:
H52: Fotografía 7: Fecha: | O52: Fotografía 8: Fecha: | AB52: Fotografía 18: Fecha:
A54: 4. Protocolo de limpieza y desinfección en los lugares de trabajo: Se realiza jornada de desinfeccion limpieza orden y aseo de los puestos de trabajo | U54: 5. Protocolo de limpieza y desinfección en los lugares de trabajo:
H62: Fotografía 9: Fecha: | O62: Fotografía 10: Fecha: | AB62: Fotografía 19: Fecha:
A64: 5. Publicaciones informativas: Con el objetivo de asegurar el correcto funcionamiento de los elementos y equipos de emergencia se realizó la inspección de los mismos en el mes de marzo en las cuales no se encontraron hallazgos relevantes que impidan la utilización de los mismos en una situación de emergencia, los elementos inspeccionados fueron los siguientes: • Camilla • Extintores • Botiquin | U64: 5. Publicaciones informativas:
H72: Fotografía 11: Fecha: | O72: Fotografía 12: Fecha: | AB72: Fotografía 20: Fecha:
A74: 6. Otras medidas empleadas: | U74: 6. Otras medidas empleadas:
H82: Fotografía 13: Fecha: | O82: Fotografía 14: Fecha: | AB82: Fotografía 21: Fecha:
A84: IV. CASOS REPORTADOS POR EL CONTRATISTA | T84: V. CASOS REPORTADOS POR LA INTERVENTORÍA
A85: DESCRIPCIÓN | J85: NUMERO DE EVENTOS NUEVOS | L85: NUMERO DE EVENTOS ANTIGUOS | M85: MEDIDAS EMPLEADAS | T85: DESCRIPCIÓN | Y85: NUMERO DE EVENTOS NUEVOS | AA85: NUMERO DE EVENTOS ANTIGUOS | AC85: MEDIDAS EMPLEADAS
A86: CASOS CON MALESTAR GENERAL O SÍNTOMAS ASOCIADOS | J86: 0 | L86: 0 | M86: Ninguna
A87: CASOS AISLADOS | J87: 0 | L87: 0 | M87: Ninguna
A88: CASOS REPORTADOS COMO COVID 19 | J88: 0 | L88: 0 | M88: Ninguna
A89: CASOS CON COVID-19 EN EL HOGAR | J89: 0 | L89: 0 | M89: Ninguna
A90: AUSENCIAS REPORTADAS POR GRIPE | J90: 0 | L90: 0 | M90: Ninguna
A92: VI. DESVIACIONES Y/O HALLAZGOS ENCONTRADOS POR EL CONTRATISTA | T92: VII. DESVIACIONES Y/O HALLAZGOS ENCONTRADOS POR LA INTERVENTORÍA
A93: DESVIACIÓN Y/O HALLAZGO | J93: PLAN DE ACCIÓN | P93: RESPONSABLE | T93: DESVIACIÓN Y/O HALLAZGO | Z93: PLAN DE ACCIÓN | AF93: RESPONSABLE
A94: NA | J94: NA | P94: NA | T94: NA | Z94: NA | AF94: NA
A96: VIII. ACTIVIDADES PROGRAMADAS PARA LA PRÓXIMA SEMANA POR PARTE DEL CONTRATISTA | T96: IX. ACTIVIDADES PROGRAMADAS PARA LA PRÓXIMA SEMANA POR LA INTERVENTORÍA
A104: X. RESPONSABLE IMPLEMENTACIÓN PAPSO POR PARTE DEL CONTRATISTA | T104: XI. RESPONSABLE IMPLEMENTACIÓN PAPSO POR PARTE DE LA INTERVENTORÍA
A105: NOMBRES Y APELLIDOS | G105: CEDULA | L105: CARGO | P105: FIRMA | T105: NOMBRES Y APELLIDOS | Z105: CEDULA | AC105: CARGO | AF105: FIRMA
A111: FIRMA: | L111: FIRMA: | S111: FIRMA: | AB111: FIRMA:
A112: NOMBRE: | L112: NOMBRE: | S112: NOMBRE: | AB112: NOMBRE:
A113: CARGO: | L113: CARGO: | S113: CARGO: | AB113: CARGO:
A114: ELABORADO POR EL CONTRATISTA: | L114: REVISADO POR EL CONTRATISTA: | S114: APROBADO POR EL CONTRATISTA | AB114: APROBADO POR LA INTERVENTORÍA
